Workbook

Sheet ORDER
C1: DC PRO d.o.o. | E1: IBAN: | F1: SI56 0700 0000 3615 474
C2: Beguje 28 D | E2: bank details: | F2: Gorenjska banka d.d.
C3: 4275 Begunje na Gorenjskem | F3: Bleiweisova cesta 1, 4000 Kranj
C4: Slovenia | E4: SWIFT: | F4: GORE SI 2X
C5: VAT number | D5: SI33331766
C6: EORI number | D6: SI33331766
C7: matical number | D7: 8792135000
A10: Billing information
A11: Company name
A12: Company address
A13: City
A14: ZIP
A15: Country
A16: VAT number
A17: Douane number
A18: Responsible person
A19: Telephone
A20: Email
A22: PROFORMA INVOICE - DELTA CLIMB
A25: Proforma invoice number | B25: 26-000
A26: Invoice number | B26: 26-0001
A27: Place | B27: Begunje
A28: Date | B28: 46211
A29: payment conditions | B29: 50% to confirm the order, 50%+shipping costs before shipping
A30: Shipping date
A31: Payment date | B31: =B28+14 -> 46225
B33: Sum pieces | C33: Sum kg | D33: Price without VAT | E33: discount | F33: discounted price without VAT | H33: custom colour
A34: DELTA GRP | B34: =SUM('DELTA GRP'!AB8:AN8) -> 0 | C34: ='DELTA GRP'!AB6 -> 0 | D34: ='DELTA GRP'!AB3 -> 0 | E34: 0 | F34: =D34-D34*E34 -> 0 | H34: 0
A35: DELTA WOOD | B35: =SUM('DELTA WOOD'!AC8:AO8) -> 0 | C35: ='DELTA WOOD'!AC6 -> 0 | D35: ='DELTA WOOD'!AC3 -> 0 | E35: 0 | F35: =D35-D35*E35 -> 0 | H35: 0
A36: DELTA PU | B36: =SUM('DELTA PU'!X8:AG8) -> 0 | C36: ='DELTA PU'!X6 -> 0 | D36: ='DELTA PU'!X3 -> 0 | E36: 0 | F36: =D36-D36*E36 -> 0 | H36: 0
A37: sum | B37: =SUM(B34:B36) -> 0 | C37: =SUM(C34:C36) -> 0 | D37: =SUM(D34:D36) -> 0 | F37: =SUM(F34:F36) -> 0 | G37: =SUM(G34:G36) -> 0 | H37: =SUM(H34:H36) -> 0
A39: Cargo details: | E39: sum price without VAT | H39: =SUM(F34:H36) -> 0
E40: packaging | H40: 0
A41: net weight | B41: =C37 -> 0 | C41: kg | E41: transport | H41: 0
A42: gross weight | C42: kg | E42: total without VAT | H42: =H39+H40+H41 -> 0
E43: VAT | F43: 0 | H43: =H42*F43 -> 0
E44: *0% VAT pursuant to article 46. of the ZDDV-1
A45: Fiberglass and plywood climbing equipment
A46: HS-Code(s): 95069990 | E46: subtotal [eur] | H46: =H42+H43 -> 0
E48: order confirmation payment (50%) | H48: =H39/2 -> 0
E49: paid by proforma | F49: =B25 -> 26-000 | H49: =H48 -> 0
E50: for payment | H50: =H46-H48 -> 0
A52: The exporter of the products covered by this document (customs authorization No SI/427/24) declares that, except where otherwise clearly indicated, these products are of EU preferential origin.
A53: The exporter of the products covered by this document (Exporter Reference No SIREX 750) declares that, except where otherwise clearly indicated, these products are of EU preferential origin.
A54: :C1 (Japan)
A56: Delivery information
A57: Incoterms
A58: Company name
A59: Company address
A60: City
A61: ZIP
A62: Country
A63: VAT number
A64: Douane number | H64: Domen Švab
A65: Responsible person
A66: Telephone
A67: Email

Sheet DELTA GRP
B2: #VALUE! | Z2: DELTA GRP
AA3: Sum Price without VAT | AB3: =SUM(AO$11:AO$1048576) -> 0 | AC3: EUR
AA4: Sum SETS | AB4: =SUM(AB11:AN24)+SUM(AB25:AN25)*COUNTIF(D11:D24, "*")+SUM(AB27:AN42)+SUM(AB43:AN43)*COUNTIF(D27:D42, "*")+SUM(AB45:AN50)+SUM(AB51:AN51)*COUNTIF(D45:D50, "*")+SUM(AB52:AN56)+SUM(AB57:AN57)*COUNTIF(D52:D56, "*")+SUM(AB58:AN63)+SUM(AB64:AN64)*COUNTIF(D58:D63, "*")+SUM(AB65:AN70)+SUM(AB71:AN71)*COUNTIF(D65:D70, "*")+SUM(AB73:AN86)+SUM(AB87:AN87)*COUNTIF(D73:D86, "*") -> 0
AA5: Sum of pcs | AB5: =AO8 -> 0
AA6: SUM | AB6: =SUM(G$11:G$1048576) -> 0 | AC6: kg | AO6: SUM of pcs.
AA8: Sum pcs. by colour: | AB8: =SUM(H:H) -> 0 | AC8: =SUM(I:I) -> 0 | AD8: =SUM(J:J) -> 0 | AE8: =SUM(K:K) -> 0 | AF8: =SUM(L:L) -> 0 | AG8: =SUM(M:M) -> 0 | AH8: =SUM(N:N) -> 0 | AI8: =SUM(O:O) -> 0 | AJ8: =SUM(P:P) -> 0 | AK8: =SUM(Q:Q) -> 0 | AL8: =SUM(R:R) -> 0 | AM8: =SUM(S:S) -> 0 | AN8: =SUM(T:T) -> 0 | AO8: =SUM(AB8:AN8) -> 0
B9: NAME | D9: ID | E9: NOTES | F9: kg | G9: sum kg | H9: BLACK RAL 9005 | I9: WHITE | J9: RED RAL 3000 | K9: YELLOW RAL 1018 | L9: BLUE RAL 5015 | M9: GREEN RAL 6018 | N9: ORANGE RAL 1033 | O9: DEEP ORANGE RAL 2011 | P9: PINK RAL 4003 | Q9: GREY RAL 7001 | R9: PURPLE S4050-R60B/M | S9: MINT RAL6027 | T9: DEEP ROSE RAL4008 | U9: norma | V9: SIZE | W9: DIMENSIONS | X9: PCS. IN SET | Y9: T-NUTS | Z9: FIXING | AA9: PRICE WITHOUT VAT | AB9: BLACK RAL 9005 | AC9: WHITE | AD9: RED RAL 3000 | AE9: YELLOW RAL 1018 | AF9: BLUE RAL 5015 | AG9: GREEN RAL 6018 | AH9: ORANGE RAL 1033 | AI9: DEEP ORANGE RAL 2011 | AJ9: PINK RAL 4003 | AK9: GREY RAL 7001 | AL9: PURPLE S4050-R60B/M | AM9: MINT RAL 6027 | AN9: DEEP ROSE RAL 4008 | AO9: Sum
AA10: BEGINNING
B11: BEGINNING 1 | C11: #VALUE! | D11: D-BEG1-GRP-DT | E11: Dual tex. | F11: =0.5+0.6 -> 1.1 | G11: =SUM(AB11:AN11)*F11 -> 0 | H11: =AB11*$X$11 -> 0 | I11: =AC11*$X$11 -> 0 | J11: =AD11*$X$11 -> 0 | K11: =AE11*$X$11 -> 0 | L11: =AF11*$X$11 -> 0 | M11: =AG11*$X$11 -> 0 | N11: =AH11*$X$11 -> 0 | O11: =AI11*$X$11 -> 0 | ... T11: =AN11*$X$11 -> 0 | U11: 1 | V11: M | W11: 38x15,5x5,5 cm, 38x15,5x6 cm | X11: 2 | Y11: 0 | Z11: screw-ons | AA11: 370 | AO11: =AA11*SUM(AB11:AN11) -> 0
B12: BEGINNING 2 | C12: #VALUE! | D12: D-BEG2-GRP-DT | E12: Dual tex. | F12: =0.7+0.5 -> 1.2 | G12: =SUM(AB12:AN12)*F12 -> 0 | H12: =AB12*$X$12 -> 0 | I12: =AC12*$X$12 -> 0 | J12: =AD12*$X$12 -> 0 | K12: =AE12*$X$12 -> 0 | L12: =AF12*$X$12 -> 0 | M12: =AG12*$X$12 -> 0 | N12: =AH12*$X$12 -> 0 | O12: =AI12*$X$12 -> 0 | ... T12: =AN12*$X$12 -> 0 | U12: 1 | V12: M | W12: 37,5x15,5x8 cm, 38x14x7 cm | X12: 2 | Y12: 0 | Z12: screw-ons | AA12: 370 | AO12: =AA12*SUM(AB12:AN12) -> 0
B13: BEGINNING 3 | C13: #VALUE! | D13: D-BEG3-GRP-DT | E13: Dual tex. | F13: 0.7 | G13: =SUM(AB13:AN13)*F13 -> 0 | H13: =AB13*$X$13 -> 0 | I13: =AC13*$X$13 -> 0 | J13: =AD13*$X$13 -> 0 | K13: =AE13*$X$13 -> 0 | L13: =AF13*$X$13 -> 0 | M13: =AG13*$X$13 -> 0 | N13: =AH13*$X$13 -> 0 | O13: =AI13*$X$13 -> 0 | ... T13: =AN13*$X$13 -> 0 | U13: 1 | V13: M | W13: 43x18,5x6,5 cm | X13: 1 | Y13: 0 | Z13: screw-ons | AA13: 220 | AO13: =AA13*SUM(AB13:AN13) -> 0
B14: BEGINNING 4 | C14: #VALUE! | D14: D-BEG4-GRP-DT | E14: Dual tex. | F14: 1.3 | G14: =SUM(AB14:AN14)*F14 -> 0 | H14: =AB14*$X$14 -> 0 | I14: =AC14*$X$14 -> 0 | J14: =AD14*$X$14 -> 0 | K14: =AE14*$X$14 -> 0 | L14: =AF14*$X$14 -> 0 | M14: =AG14*$X$14 -> 0 | N14: =AH14*$X$14 -> 0 | O14: =AI14*$X$14 -> 0 | ... T14: =AN14*$X$14 -> 0 | U14: 1 | V14: L | W14: 66x25,5x4,5 cm | X14: 1 | Y14: 0 | Z14: screw-ons | AA14: 220 | AO14: =AA14*SUM(AB14:AN14) -> 0
B15: BEGINNING 5 | C15: #VALUE! | D15: D-BEG5-GRP-DT | E15: Dual tex. | F15: 1.2 | G15: =SUM(AB15:AN15)*F15 -> 0 | H15: =AB15*$X$15 -> 0 | I15: =AC15*$X$15 -> 0 | J15: =AD15*$X$15 -> 0 | K15: =AE15*$X$15 -> 0 | L15: =AF15*$X$15 -> 0 | M15: =AG15*$X$15 -> 0 | N15: =AH15*$X$15 -> 0 | O15: =AI15*$X$15 -> 0 | ... T15: =AN15*$X$15 -> 0 | U15: 1 | V15: L | W15: 64,5x26x6 cm | X15: 1 | Y15: 0 | Z15: screw-ons | AA15: 245 | AO15: =AA15*SUM(AB15:AN15) -> 0
B16: BEGINNING 6 | C16: #VALUE! | D16: D-BEG6-GRP-DT | E16: Dual tex. | F16: 1.75 | G16: =SUM(AB16:AN16)*F16 -> 0 | H16: =AB16*$X$16 -> 0 | I16: =AC16*$X$16 -> 0 | J16: =AD16*$X$16 -> 0 | K16: =AE16*$X$16 -> 0 | L16: =AF16*$X$16 -> 0 | M16: =AG16*$X$16 -> 0 | N16: =AH16*$X$16 -> 0 | O16: =AI16*$X$16 -> 0 | ... T16: =AN16*$X$16 -> 0 | U16: 1 | V16: L | W16: 67x28,5x8,5 cm | X16: 1 | Y16: 0 | Z16: screw-ons | AA16: 245 | AO16: =AA16*SUM(AB16:AN16) -> 0
B17: BEGINNING 7 | C17: #VALUE! | D17: D-BEG7-GRP-DT | E17: Dual tex. | F17: 1.45 | G17: =SUM(AB17:AN17)*F17 -> 0 | H17: =AB17*$X$17 -> 0 | I17: =AC17*$X$17 -> 0 | J17: =AD17*$X$17 -> 0 | K17: =AE17*$X$17 -> 0 | L17: =AF17*$X$17 -> 0 | M17: =AG17*$X$17 -> 0 | N17: =AH17*$X$17 -> 0 | O17: =AI17*$X$17 -> 0 | ... T17: =AN17*$X$17 -> 0 | U17: 1 | V17: L | W17: 67,5x29x11 cm | X17: 1 | Y17: 0 | Z17: screw-ons | AA17: 245 | AO17: =AA17*SUM(AB17:AN17) -> 0
B18: BEGINNING 8 | C18: #VALUE! | D18: D-BEG8-GRP-DT | E18: Dual tex. | F18: 1.5 | G18: =SUM(AB18:AN18)*F18 -> 0 | H18: =AB18*$X$18 -> 0 | I18: =AC18*$X$18 -> 0 | J18: =AD18*$X$18 -> 0 | K18: =AE18*$X$18 -> 0 | L18: =AF18*$X$18 -> 0 | M18: =AG18*$X$18 -> 0 | N18: =AH18*$X$18 -> 0 | O18: =AI18*$X$18 -> 0 | ... T18: =AN18*$X$18 -> 0 | U18: 1 | V18: L | W18: 67,5x26,5x9,5 cm | X18: 1 | Y18: 0 | Z18: screw-ons | AA18: 245 | AO18: =AA18*SUM(AB18:AN18) -> 0
B19: BEGINNING 9 | C19: #VALUE! | D19: D-BEG9-GRP-DT | E19: Dual tex. | F19: 2.05 | G19: =SUM(AB19:AN19)*F19 -> 0 | H19: =AB19*$X$19 -> 0 | I19: =AC19*$X$19 -> 0 | J19: =AD19*$X$19 -> 0 | K19: =AE19*$X$19 -> 0 | L19: =AF19*$X$19 -> 0 | M19: =AG19*$X$19 -> 0 | N19: =AH19*$X$19 -> 0 | O19: =AI19*$X$19 -> 0 | ... T19: =AN19*$X$19 -> 0 | U19: 1 | V19: L | W19: 65x27x11 cm | X19: 1 | Y19: 0 | Z19: screw-ons | AA19: 275 | AO19: =AA19*SUM(AB19:AN19) -> 0
B20: BEGINNING 10 | C20: #VALUE! | D20: D-BEG10-GRP-DT | E20: Dual tex. | F20: 2.05 | G20: =SUM(AB20:AN20)*F20 -> 0 | H20: =AB20*$X$20 -> 0 | I20: =AC20*$X$20 -> 0 | J20: =AD20*$X$20 -> 0 | K20: =AE20*$X$20 -> 0 | L20: =AF20*$X$20 -> 0 | M20: =AG20*$X$20 -> 0 | N20: =AH20*$X$20 -> 0 | O20: =AI20*$X$20 -> 0 | ... T20: =AN20*$X$20 -> 0 | U20: 1 | V20: L | W20: 75x30,5x13,5 cm | X20: 1 | Y20: 0 | Z20: screw-ons | AA20: 275 | AO20: =AA20*SUM(AB20:AN20) -> 0
B21: BEGINNING 11 | C21: #VALUE! | D21: D-BEG11-GRP-DT | E21: Dual tex. | F21: 2.6 | G21: =SUM(AB21:AN21)*F21 -> 0 | H21: =AB21*$X$21 -> 0 | I21: =AC21*$X$21 -> 0 | J21: =AD21*$X$21 -> 0 | K21: =AE21*$X$21 -> 0 | L21: =AF21*$X$21 -> 0 | M21: =AG21*$X$21 -> 0 | N21: =AH21*$X$21 -> 0 | O21: =AI21*$X$21 -> 0 | ... T21: =AN21*$X$21 -> 0 | U21: 1 | V21: L | W21: 77,5x29,5x14 cm | X21: 1 | Y21: 0 | Z21: screw-ons | AA21: 275 | AO21: =AA21*SUM(AB21:AN21) -> 0
B22: BEGINNING 12 | C22: #VALUE! | D22: D-BEG12-GRP-DT | E22: Dual tex. | F22: 2.35 | G22: =SUM(AB22:AN22)*F22 -> 0 | H22: =AB22*$X$22 -> 0 | I22: =AC22*$X$22 -> 0 | J22: =AD22*$X$22 -> 0 | K22: =AE22*$X$22 -> 0 | L22: =AF22*$X$22 -> 0 | M22: =AG22*$X$22 -> 0 | N22: =AH22*$X$22 -> 0 | O22: =AI22*$X$22 -> 0 | ... T22: =AN22*$X$22 -> 0 | U22: 1 | V22: L | W22: 74,5x28x13 cm | X22: 1 | Y22: 0 | Z22: screw-ons | AA22: 275 | AO22: =AA22*SUM(AB22:AN22) -> 0
B23: BEGINNING 13 | C23: #VALUE! | D23: D-BEG13-GRP-DT | E23: Dual tex. | F23: 3 | G23: =SUM(AB23:AN23)*F23 -> 0 | H23: =AB23*$X$23 -> 0 | I23: =AC23*$X$23 -> 0 | J23: =AD23*$X$23 -> 0 | K23: =AE23*$X$23 -> 0 | L23: =AF23*$X$23 -> 0 | M23: =AG23*$X$23 -> 0 | N23: =AH23*$X$23 -> 0 | O23: =AI23*$X$23 -> 0 | ... T23: =AN23*$X$23 -> 0 | U23: 2 | V23: XL | W23: 94,5x32x17 cm | X23: 1 | Y23: 0 | Z23: screw-ons | AA23: 380 | AO23: =AA23*SUM(AB23:AN23) -> 0
B24: BEGINNING 14 | C24: #VALUE! | D24: D-BEG14-GRP-DT | E24: Dual tex. | F24: 4.4 | G24: =SUM(AB24:AN24)*F24 -> 0 | H24: =AB24*$X$24 -> 0 | I24: =AC24*$X$24 -> 0 | J24: =AD24*$X$24 -> 0 | K24: =AE24*$X$24 -> 0 | L24: =AF24*$X$24 -> 0 | M24: =AG24*$X$24 -> 0 | N24: =AH24*$X$24 -> 0 | O24: =AI24*$X$24 -> 0 | ... T24: =AN24*$X$24 -> 0 | U24: 2 | V24: XL | W24: 116,5x42,5x22 cm | X24: 1 | Y24: 0 | Z24: screw-ons | AA24: 420 | AO24: =AA24*SUM(AB24:AN24) -> 0
B25: BEGINNING | C25: BEGINNING: THE WHOLE RANGE | D25: D-BEG-GRP-DT | E25: Dual tex. | F25: =SUM(F11:F24) -> 26.65 | G25: =SUM(AB25:AN25)*F25 -> 0 | H25: =AB25*$X$25 -> 0 | I25: =AC25*$X$25 -> 0 | J25: =AD25*$X$25 -> 0 | K25: =AE25*$X$25 -> 0 | L25: =AF25*$X$25 -> 0 | M25: =AG25*$X$25 -> 0 | N25: =AH25*$X$25 -> 0 | O25: =AI25*$X$25 -> 0 | ... T25: =AN25*$X$25 -> 0 | U25: =SUM(U11:U24) -> 16 | V25: M-XL | X25: =SUM(X11:X24) -> 16 | Y25: 0 | Z25: screw-ons | AA25: 4060 | AO25: =AA25*SUM(AB25:AN25) -> 0
AA26: COLLISION
B27: COLLISION 1 | C27: #VALUE! | D27: D-COL1-GRP-DT | E27: Dual tex. | F27: 0.8 | G27: =SUM(AB27:AN27)*F27 -> 0 | H27: =AB27*$X$27 -> 0 | I27: =AC27*$X$27 -> 0 | J27: =AD27*$X$27 -> 0 | K27: =AE27*$X$27 -> 0 | L27: =AF27*$X$27 -> 0 | M27: =AG27*$X$27 -> 0 | N27: =AH27*$X$27 -> 0 | O27: =AI27*$X$27 -> 0 | ... T27: =AN27*$X$27 -> 0 | U27: 1 | V27: S | W27: 27x14x6,5 cm 29,5x14,5x5,5 cm | X27: 2 | Y27: 0 | Z27: screw-ons | AA27: 355 | AO27: =AA27*SUM(AB27:AN27) -> 0
B28: COLLISION 2 | C28: #VALUE! | D28: D-COL2-GRP-DT | E28: Dual tex. | F28: 1.94 | G28: =SUM(AB28:AN28)*F28 -> 0 | H28: =AB28*$X$28 -> 0 | I28: =AC28*$X$28 -> 0 | J28: =AD28*$X$28 -> 0 | K28: =AE28*$X$28 -> 0 | L28: =AF28*$X$28 -> 0 | M28: =AG28*$X$28 -> 0 | N28: =AH28*$X$28 -> 0 | O28: =AI28*$X$28 -> 0 | ... T28: =AN28*$X$28 -> 0 | U28: 2 | V28: M | W28: 46,5x30x8,5 cm 50,5x24x7 cm | X28: 2 | Y28: 0 | Z28: screw-ons | AA28: 400 | AO28: =AA28*SUM(AB28:AN28) -> 0
B29: COLLISION 3 | C29: #VALUE! | D29: D-COL3-GRP-DT | E29: Dual tex. | F29: 3.35 | G29: =SUM(AB29:AN29)*F29 -> 0 | H29: =AB29*$X$29 -> 0 | I29: =AC29*$X$29 -> 0 | J29: =AD29*$X$29 -> 0 | K29: =AE29*$X$29 -> 0 | L29: =AF29*$X$29 -> 0 | M29: =AG29*$X$29 -> 0 | N29: =AH29*$X$29 -> 0 | O29: =AI29*$X$29 -> 0 | ... T29: =AN29*$X$29 -> 0 | U29: 2 | V29: L | W29: 54x34x15 cm 63x31x13,5 cm | X29: 2 | Y29: 0 | Z29: screw-ons | AA29: 455 | AO29: =AA29*SUM(AB29:AN29) -> 0
B30: COLLISION 4 | C30: #VALUE! | D30: D-COL4-GRP-DT | E30: Dual tex. | F30: 1.35 | G30: =SUM(AB30:AN30)*F30 -> 0 | H30: =AB30*$X$30 -> 0 | I30: =AC30*$X$30 -> 0 | J30: =AD30*$X$30 -> 0 | K30: =AE30*$X$30 -> 0 | L30: =AF30*$X$30 -> 0 | M30: =AG30*$X$30 -> 0 | N30: =AH30*$X$30 -> 0 | O30: =AI30*$X$30 -> 0 | ... T30: =AN30*$X$30 -> 0 | U30: 1 | V30: L | W30: 62x30x8,5 cm | X30: 1 | Y30: 0 | Z30: screw-ons | AA30: 235 | AO30: =AA30*SUM(AB30:AN30) -> 0
B31: COLLISION 5 | C31: #VALUE! | D31: D-COL5-GRP-DT | E31: Dual tex. | F31: 2.1 | G31: =SUM(AB31:AN31)*F31 -> 0 | H31: =AB31*$X$31 -> 0 | I31: =AC31*$X$31 -> 0 | J31: =AD31*$X$31 -> 0 | K31: =AE31*$X$31 -> 0 | L31: =AF31*$X$31 -> 0 | M31: =AG31*$X$31 -> 0 | N31: =AH31*$X$31 -> 0 | O31: =AI31*$X$31 -> 0 | ... T31: =AN31*$X$31 -> 0 | U31: 1 | V31: L | W31: 74x35x16 cm | X31: 1 | Y31: 0 | Z31: screw-ons | AA31: 265 | AO31: =AA31*SUM(AB31:AN31) -> 0
B32: COLLISION 7 | C32: #VALUE! | D32: D-COL7-GRP-DT | E32: Dual tex. | F32: 2.8 | G32: =SUM(AB32:AN32)*F32 -> 0 | H32: =AB32*$X$32 -> 0 | I32: =AC32*$X$32 -> 0 | J32: =AD32*$X$32 -> 0 | K32: =AE32*$X$32 -> 0 | L32: =AF32*$X$32 -> 0 | M32: =AG32*$X$32 -> 0 | N32: =AH32*$X$32 -> 0 | O32: =AI32*$X$32 -> 0 | ... T32: =AN32*$X$32 -> 0 | U32: 1 | V32: L | W32: 80x39,5x13 cm | X32: 1 | Y32: 0 | Z32: screw-ons | AA32: 285 | AO32: =AA32*SUM(AB32:AN32) -> 0
B33: COLLISION 8 | C33: #VALUE! | D33: D-COL8-GRP-DT | E33: Dual tex. | F33: 3.3 | G33: =SUM(AB33:AN33)*F33 -> 0 | H33: =AB33*$X$33 -> 0 | I33: =AC33*$X$33 -> 0 | J33: =AD33*$X$33 -> 0 | K33: =AE33*$X$33 -> 0 | L33: =AF33*$X$33 -> 0 | M33: =AG33*$X$33 -> 0 | N33: =AH33*$X$33 -> 0 | O33: =AI33*$X$33 -> 0 | ... T33: =AN33*$X$33 -> 0 | U33: 1 | V33: XL | W33: 83x45x21 cm | X33: 1 | Y33: 0 | Z33: screw-ons | AA33: 315 | AO33: =AA33*SUM(AB33:AN33) -> 0
B34: COLLISION 9 | C34: #VALUE! | D34: D-COL9-GRP-DT | E34: Dual tex. | F34: 5.3 | G34: =SUM(AB34:AN34)*F34 -> 0 | H34: =AB34*$X$34 -> 0 | I34: =AC34*$X$34 -> 0 | J34: =AD34*$X$34 -> 0 | K34: =AE34*$X$34 -> 0 | L34: =AF34*$X$34 -> 0 | M34: =AG34*$X$34 -> 0 | N34: =AH34*$X$34 -> 0 | O34: =AI34*$X$34 -> 0 | ... T34: =AN34*$X$34 -> 0 | U34: 1 | V34: XL | W34: 108x51x22,5 cm | X34: 1 | Y34: 0 | Z34: screw-ons | AA34: 385 | AO34: =AA34*SUM(AB34:AN34) -> 0
B35: COLLISION 10 | C35: #VALUE! | D35: D-COL10-GRP-DT | E35: Dual tex. | F35: 4.6 | G35: =SUM(AB35:AN35)*F35 -> 0 | H35: =AB35*$X$35 -> 0 | I35: =AC35*$X$35 -> 0 | J35: =AD35*$X$35 -> 0 | K35: =AE35*$X$35 -> 0 | L35: =AF35*$X$35 -> 0 | M35: =AG35*$X$35 -> 0 | N35: =AH35*$X$35 -> 0 | O35: =AI35*$X$35 -> 0 | ... T35: =AN35*$X$35 -> 0 | U35: 1.5 | V35: XL | W35: 99x52x24 cm | X35: 1 | Y35: 0 | Z35: screw-ons | AA35: 370 | AO35: =AA35*SUM(AB35:AN35) -> 0
B36: COLLISION 13 | C36: #VALUE! | D36: D-COL13-GRP-DT | E36: Dual tex. | F36: 2.4 | G36: =SUM(AB36:AN36)*F36 -> 0 | H36: =AB36*$X$36 -> 0 | I36: =AC36*$X$36 -> 0 | J36: =AD36*$X$36 -> 0 | K36: =AE36*$X$36 -> 0 | L36: =AF36*$X$36 -> 0 | M36: =AG36*$X$36 -> 0 | N36: =AH36*$X$36 -> 0 | O36: =AI36*$X$36 -> 0 | ... T36: =AN36*$X$36 -> 0 | U36: 3 | V36: M | W36: 40x19,5x7,5 cm 40x22,5x12 cm 39,5x19x7 cm | X36: 3 | Y36: 0 | Z36: screw-ons | AA36: 555 | AO36: =AA36*SUM(AB36:AN36) -> 0
B37: COLLISION 14 | C37: #VALUE! | D37: D-COL14-GRP-DT | E37: Dual tex. | F37: 3.4 | G37: =SUM(AB37:AN37)*F37 -> 0 | H37: =AB37*$X$37 -> 0 | I37: =AC37*$X$37 -> 0 | J37: =AD37*$X$37 -> 0 | K37: =AE37*$X$37 -> 0 | L37: =AF37*$X$37 -> 0 | M37: =AG37*$X$37 -> 0 | N37: =AH37*$X$37 -> 0 | O37: =AI37*$X$37 -> 0 | ... T37: =AN37*$X$37 -> 0 | U37: 2 | V37: L | W37: 45,5x29,5x13,5 cm 56x37x16 cm | X37: 2 | Y37: 0 | Z37: screw-ons | AA37: 455 | AO37: =AA37*SUM(AB37:AN37) -> 0
B38: COLLISION 15 | C38: #VALUE! | D38: D-COL15-GRP-DT | E38: Dual tex. | F38: 4.25 | G38: =SUM(AB38:AN38)*F38 -> 0 | H38: =AB38*$X$38 -> 0 | I38: =AC38*$X$38 -> 0 | J38: =AD38*$X$38 -> 0 | K38: =AE38*$X$38 -> 0 | L38: =AF38*$X$38 -> 0 | M38: =AG38*$X$38 -> 0 | N38: =AH38*$X$38 -> 0 | O38: =AI38*$X$38 -> 0 | ... T38: =AN38*$X$38 -> 0 | U38: 2 | V38: L | W38: 66x36,5x14 cm 66x35x14,5 cm | X38: 2 | Y38: 0 | Z38: screw-ons | AA38: 510 | AO38: =AA38*SUM(AB38:AN38) -> 0
B39: COLLISION 16 | C39: #VALUE! | D39: D-COL16-GRP-DT | E39: Dual tex. | F39: 2.55 | G39: =SUM(AB39:AN39)*F39 -> 0 | H39: =AB39*$X$39 -> 0 | I39: =AC39*$X$39 -> 0 | J39: =AD39*$X$39 -> 0 | K39: =AE39*$X$39 -> 0 | L39: =AF39*$X$39 -> 0 | M39: =AG39*$X$39 -> 0 | N39: =AH39*$X$39 -> 0 | O39: =AI39*$X$39 -> 0 | ... T39: =AN39*$X$39 -> 0 | U39: 1 | V39: L | W39: 79,5x40,5x12 cm | X39: 1 | Y39: 0 | Z39: screw-ons | AA39: 270 | AO39: =AA39*SUM(AB39:AN39) -> 0
B40: COLLISION 17 | C40: #VALUE! | D40: D-COL17-GRP-DT | E40: Dual tex. | F40: 2.8 | G40: =SUM(AB40:AN40)*F40 -> 0 | H40: =AB40*$X$40 -> 0 | I40: =AC40*$X$40 -> 0 | J40: =AD40*$X$40 -> 0 | K40: =AE40*$X$40 -> 0 | L40: =AF40*$X$40 -> 0 | M40: =AG40*$X$40 -> 0 | N40: =AH40*$X$40 -> 0 | O40: =AI40*$X$40 -> 0 | ... T40: =AN40*$X$40 -> 0 | U40: 1 | V40: L | W40: 70x42x18,5 cm | X40: 1 | Y40: 0 | Z40: screw-ons | AA40: 285 | AO40: =AA40*SUM(AB40:AN40) -> 0
B41: COLLISION 18 | C41: #VALUE! | D41: D-COL18-GRP-DT | E41: Dual tex. | F41: 4.1 | G41: =SUM(AB41:AN41)*F41 -> 0 | H41: =AB41*$X$41 -> 0 | I41: =AC41*$X$41 -> 0 | J41: =AD41*$X$41 -> 0 | K41: =AE41*$X$41 -> 0 | L41: =AF41*$X$41 -> 0 | M41: =AG41*$X$41 -> 0 | N41: =AH41*$X$41 -> 0 | O41: =AI41*$X$41 -> 0 | ... T41: =AN41*$X$41 -> 0 | U41: 1 | V41: L | W41: 80x49x21,5 cm | X41: 1 | Y41: 0 | Z41: screw-ons | AA41: 365 | AO41: =AA41*SUM(AB41:AN41) -> 0
B42: COLLISION 19 | C42: #VALUE! | D42: D-COL19-GRP-DT | E42: Dual tex. | F42: 5.2 | G42: =SUM(AB42:AN42)*F42 -> 0 | H42: =AB42*$X$42 -> 0 | I42: =AC42*$X$24 -> 0 | J42: =AD42*$X$24 -> 0 | K42: =AE42*$X$24 -> 0 | L42: =AF42*$X$24 -> 0 | M42: =AG42*$X$24 -> 0 | N42: =AH42*$X$24 -> 0 | O42: =AI42*$X$24 -> 0 | P42: =AJ42*$X$24 -> 0 | ... T42: =AN42*$X$24 -> 0 | U42: 1 | V42: XL | W42: 96x55x24 cm | X42: 1 | Y42: 0 | Z42: screw-ons | AA42: 370 | AO42: =AA42*SUM(AB42:AN42) -> 0
B43: COLLISION | C43: COLLISION: THE WHOLE RANGE | D43: D-COL-GRP-DT | E43: Dual tex. | F43: 50.24 | G43: =SUM(AB43:AN43)*F43 -> 0 | H43: =AB43*$X$43 -> 0 | I43: =AC43*$X$43 -> 0 | J43: =AD43*$X$43 -> 0 | K43: =AE43*$X$43 -> 0 | L43: =AF43*$X$43 -> 0 | M43: =AG43*$X$43 -> 0 | N43: =AH43*$X$43 -> 0 | O43: =AI43*$X$43 -> 0 | ... T43: =AN43*$X$43 -> 0 | U43: 22.5 | V43: S-XL | X43: 23 | Y43: 0 | Z43: screw-ons | AA43: 5875 | AO43: =AA43*SUM(AB43:AN43) -> 0
AA44: DEVELOPED
B45: DEVELOPED HOLES 1 | C45: #VALUE! | D45: D-DEH1-GRP-DT | E45: Dual tex. | F45: 1.28 | G45: =SUM(AB45:AN45)*F45 -> 0 | H45: =AB45*X45 -> 0 | I45: =AC45*X45 -> 0 | J45: =AD45*X45 -> 0 | K45: =AE45*X45 -> 0 | L45: =AF45*X45 -> 0 | M45: =AG45*X45 -> 0 | N45: =AH45*X45 -> 0 | O45: =AI45*X45 -> 0 | P45: =AJ45*X45 -> 0 | Q45: =AK45*X45 -> 0 | R45: =AL45*X45 -> 0 | S45: =AM45*X45 -> 0 | T45: =AN45*X45 -> 0 | V45: M | W45: 41xx17 cm | X45: 1 | Y45: 0 | Z45: screw-ons | AA45: 225 | AO45: =AA45*SUM(AB45:AN45) -> 0
B46: DEVELOPED HOLES 2 | C46: #VALUE! | D46: D-DEH2-GRP-DT | E46: Dual tex. | F46: 2.42 | G46: =SUM(AB46:AN46)*F46 -> 0 | H46: =AB46*X46 -> 0 | I46: =AC46*X46 -> 0 | J46: =AD46*X46 -> 0 | K46: =AE46*X46 -> 0 | L46: =AF46*X46 -> 0 | M46: =AG46*X46 -> 0 | N46: =AH46*X46 -> 0 | O46: =AI46*X46 -> 0 | P46: =AJ46*X46 -> 0 | Q46: =AK46*X46 -> 0 | R46: =AL46*X46 -> 0 | S46: =AM46*X46 -> 0 | T46: =AN46*X46 -> 0 | V46: L | W46: 52xx18 cm | X46: 1 | Y46: 0 | Z46: screw-ons | AA46: 265 | AO46: =AA46*SUM(AB46:AN46) -> 0
B47: DEVELOPED HOLES 3 | C47: #VALUE! | D47: D-DEH3-GRP-DT | E47: Dual tex. | F47: 3.78 | G47: =SUM(AB47:AN47)*F47 -> 0 | H47: =AB47*X47 -> 0 | I47: =AC47*X47 -> 0 | J47: =AD47*X47 -> 0 | K47: =AE47*X47 -> 0 | L47: =AF47*X47 -> 0 | M47: =AG47*X47 -> 0 | N47: =AH47*X47 -> 0 | O47: =AI47*X47 -> 0 | P47: =AJ47*X47 -> 0 | Q47: =AK47*X47 -> 0 | R47: =AL47*X47 -> 0 | S47: =AM47*X47 -> 0 | T47: =AN47*X47 -> 0 | V47: L | W47: 65xx20 cm | X47: 1 | Y47: 0 | Z47: screw-ons | AA47: 320 | AO47: =AA47*SUM(AB47:AN47) -> 0
B48: DEVELOPED HOLES 4 | C48: #VALUE! | D48: D-DEH4-GRP-DT | E48: Dual tex. | F48: 5.96 | G48: =SUM(AB48:AN48)*F48 -> 0 | H48: =AB48*X48 -> 0 | I48: =AC48*X48 -> 0 | J48: =AD48*X48 -> 0 | K48: =AE48*X48 -> 0 | L48: =AF48*X48 -> 0 | M48: =AG48*X48 -> 0 | N48: =AH48*X48 -> 0 | O48: =AI48*X48 -> 0 | P48: =AJ48*X48 -> 0 | Q48: =AK48*X48 -> 0 | R48: =AL48*X48 -> 0 | S48: =AM48*X48 -> 0 | T48: =AN48*X48 -> 0 | V48: XL | W48: 82xx26 cm | X48: 1 | Y48: 0 | Z48: screw-ons | AA48: 410 | AO48: =AA48*SUM(AB48:AN48) -> 0
B49: DEVELOPED HOLES 5 | C49: #VALUE! | D49: D-DEH5-GRP-DT | E49: Dual tex. | F49: 7.85 | G49: =SUM(AB49:AN49)*F49 -> 0 | H49: =AB49*X49 -> 0 | I49: =AC49*X49 -> 0 | J49: =AD49*X49 -> 0 | K49: =AE49*X49 -> 0 | L49: =AF49*X49 -> 0 | M49: =AG49*X49 -> 0 | N49: =AH49*X49 -> 0 | O49: =AI49*X49 -> 0 | P49: =AJ49*X49 -> 0 | Q49: =AK49*X49 -> 0 | R49: =AL49*X49 -> 0 | S49: =AM49*X49 -> 0 | T49: =AN49*X49 -> 0 | V49: XL | W49: 97xx25 cm | X49: 1 | Y49: 0 | Z49: screw-ons | AA49: 450 | AO49: =AA49*SUM(AB49:AN49) -> 0
B50: DEVELOPED HOLES 6 | C50: #VALUE! | D50: D-DEH6-GRP-DT | E50: Dual tex. | F50: 12.1 | G50: =SUM(AB50:AN50)*F50 -> 0 | H50: =AB50*X50 -> 0 | I50: =AC50*X50 -> 0 | J50: =AD50*X50 -> 0 | K50: =AE50*X50 -> 0 | L50: =AF50*X50 -> 0 | M50: =AG50*X50 -> 0 | N50: =AH50*X50 -> 0 | O50: =AI50*X50 -> 0 | P50: =AJ50*X50 -> 0 | Q50: =AK50*X50 -> 0 | R50: =AL50*X50 -> 0 | S50: =AM50*X50 -> 0 | T50: =AN50*X50 -> 0 | V50: XL | W50: 115xx30 cm | X50: 1 | Y50: 0 | Z50: screw-ons | AA50: 580 | AO50: =AA50*SUM(AB50:AN50) -> 0
B51: DEVELOPED HOLES | C51: ALL DEVELOPED HOLES | D51: D-DEH-GRP-DT | E51: Dual tex. | F51: =SUM(F45:F50) -> 33.39 | G51: =SUM(AB51:AN51)*F51 -> 0 | H51: =AB51*X51 -> 0 | I51: =AC51*X51 -> 0 | J51: =AD51*X51 -> 0 | K51: =AE51*X51 -> 0 | L51: =AF51*X51 -> 0 | M51: =AG51*X51 -> 0 | N51: =AH51*X51 -> 0 | O51: =AI51*X51 -> 0 | P51: =AJ51*X51 -> 0 | Q51: =AK51*X51 -> 0 | R51: =AL51*X51 -> 0 | S51: =AM51*X51 -> 0 | T51: =AN51*X51 -> 0 | X51: 6 | Y51: 0 | Z51: screw-ons | AA51: 2250 | AO51: =AA51*SUM(AB51:AN51) -> 0
B52: DEVELOPED JUGS 1 | C52: #VALUE! | D52: D-DEJ1-GRP-DT | E52: Dual tex. | F52: 1.36 | G52: =SUM(AB52:AN52)*F52 -> 0 | H52: =AB52*X52 -> 0 | I52: =AC52*X52 -> 0 | J52: =AD52*X52 -> 0 | K52: =AE52*X52 -> 0 | L52: =AF52*X52 -> 0 | M52: =AG52*X52 -> 0 | N52: =AH52*X52 -> 0 | O52: =AI52*X52 -> 0 | P52: =AJ52*X52 -> 0 | Q52: =AK52*X52 -> 0 | R52: =AL52*X52 -> 0 | S52: =AM52*X52 -> 0 | T52: =AN52*X52 -> 0 | V52: M | W52: 36xx17 cm | X52: 1 | Y52: 0 | Z52: screw-ons | AA52: 220 | AO52: =AA52*SUM(AB52:AN52) -> 0
B53: DEVELOPED JUGS 2 | C53: #VALUE! | D53: D-DEJ2-GRP-DT | E53: Dual tex. | F53: 1.83 | G53: =SUM(AB53:AN53)*F53 -> 0 | H53: =AB53*X53 -> 0 | I53: =AC53*X53 -> 0 | J53: =AD53*X53 -> 0 | K53: =AE53*X53 -> 0 | L53: =AF53*X53 -> 0 | M53: =AG53*X53 -> 0 | N53: =AH53*X53 -> 0 | O53: =AI53*X53 -> 0 | P53: =AJ53*X53 -> 0 | Q53: =AK53*X53 -> 0 | R53: =AL53*X53 -> 0 | S53: =AM53*X53 -> 0 | T53: =AN53*X53 -> 0 | V53: M | W53: 45xx18 cm | X53: 1 | Y53: 0 | Z53: screw-ons | AA53: 230 | AO53: =AA53*SUM(AB53:AN53) -> 0
B54: DEVELOPED JUGS 3 | C54: #VALUE! | D54: D-DEJ3-GRP-DT | E54: Dual tex. | F54: 3.17 | G54: =SUM(AB54:AN54)*F54 -> 0 | H54: =AB54*X54 -> 0 | I54: =AC54*X54 -> 0 | J54: =AD54*X54 -> 0 | K54: =AE54*X54 -> 0 | L54: =AF54*X54 -> 0 | M54: =AG54*X54 -> 0 | N54: =AH54*X54 -> 0 | O54: =AI54*X54 -> 0 | P54: =AJ54*X54 -> 0 | Q54: =AK54*X54 -> 0 | R54: =AL54*X54 -> 0 | S54: =AM54*X54 -> 0 | T54: =AN54*X54 -> 0 | V54: L | W54: 57xx20 cm | X54: 1 | Y54: 0 | Z54: screw-ons | AA54: 295 | AO54: =AA54*SUM(AB54:AN54) -> 0
B55: DEVELOPED JUGS 4 | C55: #VALUE! | D55: D-DEJ4-GRP-DT | E55: Dual tex. | F55: 4.58 | G55: =SUM(AB55:AN55)*F55 -> 0 | H55: =AB55*X55 -> 0 | I55: =AC55*X55 -> 0 | J55: =AD55*X55 -> 0 | K55: =AE55*X55 -> 0 | L55: =AF55*X55 -> 0 | M55: =AG55*X55 -> 0 | N55: =AH55*X55 -> 0 | O55: =AI55*X55 -> 0 | P55: =AJ55*X55 -> 0 | Q55: =AK55*X55 -> 0 | R55: =AL55*X55 -> 0 | S55: =AM55*X55 -> 0 | T55: =AN55*X55 -> 0 | V55: L | W55: 71xx26 cm | X55: 1 | Y55: 0 | Z55: screw-ons | AA55: 380 | AO55: =AA55*SUM(AB55:AN55) -> 0
B56: DEVELOPED JUGS 5 | C56: #VALUE! | D56: D-DEJ5-GRP-DT | E56: Dual tex. | F56: 5.17 | G56: =SUM(AB56:AN56)*F56 -> 0 | H56: =AB56*X56 -> 0 | I56: =AC56*X56 -> 0 | J56: =AD56*X56 -> 0 | K56: =AE56*X56 -> 0 | L56: =AF56*X56 -> 0 | M56: =AG56*X56 -> 0 | N56: =AH56*X56 -> 0 | O56: =AI56*X56 -> 0 | P56: =AJ56*X56 -> 0 | Q56: =AK56*X56 -> 0 | R56: =AL56*X56 -> 0 | S56: =AM56*X56 -> 0 | T56: =AN56*X56 -> 0 | V56: XL | W56: 81xx25 cm | X56: 1 | Y56: 0 | Z56: screw-ons | AA56: 420 | AO56: =AA56*SUM(AB56:AN56) -> 0
B57: DEVELOPED JUGS | C57: ALL DEVELOPED JUGS | D57: D-DEJ-GRP-DT | E57: Dual tex. | F57: =SUM(F52:F56) -> 16.11 | G57: =SUM(AB57:AN57)*F57 -> 0 | H57: =AB57*X57 -> 0 | I57: =AC57*X57 -> 0 | J57: =AD57*X57 -> 0 | K57: =AE57*X57 -> 0 | L57: =AF57*X57 -> 0 | M57: =AG57*X57 -> 0 | N57: =AH57*X57 -> 0 | O57: =AI57*X57 -> 0 | P57: =AJ57*X57 -> 0 | Q57: =AK57*X57 -> 0 | R57: =AL57*X57 -> 0 | S57: =AM57*X57 -> 0 | T57: =AN57*X57 -> 0 | X57: 5 | Y57: 0 | Z57: screw-ons | AA57: 1545 | AO57: =AA57*SUM(AB57:AN57) -> 0
B58: DEVELOPED BALLS 1 | C58: #VALUE! | D58: D-DEB1-GRP-DT | E58: Dual tex. | F58: 1.61 | G58: =SUM(AB58:AN58)*F58 -> 0 | H58: =AB58*X58 -> 0 | I58: =AC58*X58 -> 0 | J58: =AD58*X58 -> 0 | K58: =AE58*X58 -> 0 | L58: =AF58*X58 -> 0 | M58: =AG58*X58 -> 0 | N58: =AH58*X58 -> 0 | O58: =AI58*X58 -> 0 | P58: =AJ58*X58 -> 0 | Q58: =AK58*X58 -> 0 | R58: =AL58*X58 -> 0 | S58: =AM58*X58 -> 0 | T58: =AN58*X58 -> 0 | V58: M | W58: 40xx17 cm | X58: 1 | Y58: 0 | Z58: screw-ons | AA58: 225 | AO58: =AA58*SUM(AB58:AN58) -> 0
B59: DEVELOPED BALLS 2 | C59: #VALUE! | D59: D-DEB2-GRP-DT | E59: Dual tex. | F59: 2.31 | G59: =SUM(AB59:AN59)*F59 -> 0 | H59: =AB59*X59 -> 0 | I59: =AC59*X59 -> 0 | J59: =AD59*X59 -> 0 | K59: =AE59*X59 -> 0 | L59: =AF59*X59 -> 0 | M59: =AG59*X59 -> 0 | N59: =AH59*X59 -> 0 | O59: =AI59*X59 -> 0 | P59: =AJ59*X59 -> 0 | Q59: =AK59*X59 -> 0 | R59: =AL59*X59 -> 0 | S59: =AM59*X59 -> 0 | T59: =AN59*X59 -> 0 | V59: M | W59: 50xx18 cm | X59: 1 | Y59: 0 | Z59: screw-ons | AA59: 240 | AO59: =AA59*SUM(AB59:AN59) -> 0
B60: DEVELOPED BALLS 3 | C60: #VALUE! | D60: D-DEB3-GRP-DT | E60: Dual tex. | F60: 3.12 | G60: =SUM(AB60:AN60)*F60 -> 0 | H60: =AB60*X60 -> 0 | I60: =AC60*X60 -> 0 | J60: =AD60*X60 -> 0 | K60: =AE60*X60 -> 0 | L60: =AF60*X60 -> 0 | M60: =AG60*X60 -> 0 | N60: =AH60*X60 -> 0 | O60: =AI60*X60 -> 0 | P60: =AJ60*X60 -> 0 | Q60: =AK60*X60 -> 0 | R60: =AL60*X60 -> 0 | S60: =AM60*X60 -> 0 | T60: =AN60*X60 -> 0 | V60: L | W60: 63xx20 cm | X60: 1 | Y60: 0 | Z60: screw-ons | AA60: 320 | AO60: =AA60*SUM(AB60:AN60) -> 0
B61: DEVELOPED BALLS 4 | C61: #VALUE! | D61: D-DEB4-GRP-DT | E61: Dual tex. | F61: 5.41 | G61: =SUM(AB61:AN61)*F61 -> 0 | H61: =AB61*X61 -> 0 | I61: =AC61*X61 -> 0 | J61: =AD61*X61 -> 0 | K61: =AE61*X61 -> 0 | L61: =AF61*X61 -> 0 | M61: =AG61*X61 -> 0 | N61: =AH61*X61 -> 0 | O61: =AI61*X61 -> 0 | P61: =AJ61*X61 -> 0 | Q61: =AK61*X61 -> 0 | R61: =AL61*X61 -> 0 | S61: =AM61*X61 -> 0 | T61: =AN61*X61 -> 0 | V61: L | W61: 79xx26 cm | X61: 1 | Y61: 0 | Z61: screw-ons | AA61: 430 | AO61: =AA61*SUM(AB61:AN61) -> 0
B62: DEVELOPED BALLS 5 | C62: #VALUE! | D62: D-DEB5-GRP-DT | E62: Dual tex. | F62: 8.23 | G62: =SUM(AB62:AN62)*F62 -> 0 | H62: =AB62*X62 -> 0 | I62: =AC62*X62 -> 0 | J62: =AD62*X62 -> 0 | K62: =AE62*X62 -> 0 | L62: =AF62*X62 -> 0 | M62: =AG62*X62 -> 0 | N62: =AH62*X62 -> 0 | O62: =AI62*X62 -> 0 | P62: =AJ62*X62 -> 0 | Q62: =AK62*X62 -> 0 | R62: =AL62*X62 -> 0 | S62: =AM62*X62 -> 0 | T62: =AN62*X62 -> 0 | V62: XL | W62: 94xx25 cm | X62: 1 | Y62: 0 | Z62: screw-ons | AA62: 470 | AO62: =AA62*SUM(AB62:AN62) -> 0
B63: DEVELOPED BALLS 6 | C63: #VALUE! | D63: D-DEB6-GRP-DT | E63: Dual tex. | F63: 10.12 | G63: =SUM(AB63:AN63)*F63 -> 0 | H63: =AB63*X63 -> 0 | I63: =AC63*X63 -> 0 | J63: =AD63*X63 -> 0 | K63: =AE63*X63 -> 0 | L63: =AF63*X63 -> 0 | M63: =AG63*X63 -> 0 | N63: =AH63*X63 -> 0 | O63: =AI63*X63 -> 0 | P63: =AJ63*X63 -> 0 | Q63: =AK63*X63 -> 0 | R63: =AL63*X63 -> 0 | S63: =AM63*X63 -> 0 | T63: =AN63*X63 -> 0 | V63: XL | W63: 111xx30 cm | X63: 1 | Y63: 0 | Z63: screw-ons | AA63: 570 | AO63: =AA63*SUM(AB63:AN63) -> 0
B64: DEVELOPED BALLS | C64: ALL DEVELOPED BALLS | D64: D-DEB-GRP-DT | E64: Dual tex. | F64: =SUM(F58:F63) -> 30.8 | G64: =SUM(AB64:AN64)*F64 -> 0 | H64: =AB64*X64 -> 0 | I64: =AC64*X64 -> 0 | J64: =AD64*X64 -> 0 | K64: =AE64*X64 -> 0 | L64: =AF64*X64 -> 0 | M64: =AG64*X64 -> 0 | N64: =AH64*X64 -> 0 | O64: =AI64*X64 -> 0 | P64: =AJ64*X64 -> 0 | Q64: =AK64*X64 -> 0 | R64: =AL64*X64 -> 0 | S64: =AM64*X64 -> 0 | T64: =AN64*X64 -> 0 | X64: 6 | Y64: 0 | Z64: screw-ons | AA64: 2255 | AO64: =AA64*SUM(AB64:AN64) -> 0
B65: DEVELOPED SLOPERS 1 | C65: #VALUE! | D65: D-DES1-GRP-DT | E65: Dual tex. | F65: 1.1 | G65: =SUM(AB65:AN65)*F65 -> 0 | H65: =AB65*X65 -> 0 | I65: =AC65*X65 -> 0 | J65: =AD65*X65 -> 0 | K65: =AE65*X65 -> 0 | L65: =AF65*X65 -> 0 | M65: =AG65*X65 -> 0 | N65: =AH65*X65 -> 0 | O65: =AI65*X65 -> 0 | P65: =AJ65*X65 -> 0 | Q65: =AK65*X65 -> 0 | R65: =AL65*X65 -> 0 | S65: =AM65*X65 -> 0 | T65: =AN65*X65 -> 0 | V65: M | W65: 39xx17 cm | X65: 1 | Y65: 0 | Z65: screw-ons | AA65: 225 | AO65: =AA65*SUM(AB65:AN65) -> 0
B66: DEVELOPED SLOPERS 2 | C66: #VALUE! | D66: D-DES2-GRP-DT | E66: Dual tex. | F66: 1.72 | G66: =SUM(AB66:AN66)*F66 -> 0 | H66: =AB66*X66 -> 0 | I66: =AC66*X66 -> 0 | J66: =AD66*X66 -> 0 | K66: =AE66*X66 -> 0 | L66: =AF66*X66 -> 0 | M66: =AG66*X66 -> 0 | N66: =AH66*X66 -> 0 | O66: =AI66*X66 -> 0 | P66: =AJ66*X66 -> 0 | Q66: =AK66*X66 -> 0 | R66: =AL66*X66 -> 0 | S66: =AM66*X66 -> 0 | T66: =AN66*X66 -> 0 | V66: M | W66: 50xx18 cm | X66: 1 | Y66: 0 | Z66: screw-ons | AA66: 240 | AO66: =AA66*SUM(AB66:AN66) -> 0
B67: DEVELOPED SLOPERS 3 | C67: #VALUE! | D67: D-DES3-GRP-DT | E67: Dual tex. | F67: 2.6 | G67: =SUM(AB67:AN67)*F67 -> 0 | H67: =AB67*X67 -> 0 | I67: =AC67*X67 -> 0 | J67: =AD67*X67 -> 0 | K67: =AE67*X67 -> 0 | L67: =AF67*X67 -> 0 | M67: =AG67*X67 -> 0 | N67: =AH67*X67 -> 0 | O67: =AI67*X67 -> 0 | P67: =AJ67*X67 -> 0 | Q67: =AK67*X67 -> 0 | R67: =AL67*X67 -> 0 | S67: =AM67*X67 -> 0 | T67: =AN67*X67 -> 0 | V67: L | W67: 63xx20 cm | X67: 1 | Y67: 0 | Z67: screw-ons | AA67: 320 | AO67: =AA67*SUM(AB67:AN67) -> 0
B68: DEVELOPED SLOPERS 4 | C68: #VALUE! | D68: D-DES4-GRP-DT | E68: Dual tex. | F68: 4.16 | G68: =SUM(AB68:AN68)*F68 -> 0 | H68: =AB68*X68 -> 0 | I68: =AC68*X68 -> 0 | J68: =AD68*X68 -> 0 | K68: =AE68*X68 -> 0 | L68: =AF68*X68 -> 0 | M68: =AG68*X68 -> 0 | N68: =AH68*X68 -> 0 | O68: =AI68*X68 -> 0 | P68: =AJ68*X68 -> 0 | Q68: =AK68*X68 -> 0 | R68: =AL68*X68 -> 0 | S68: =AM68*X68 -> 0 | T68: =AN68*X68 -> 0 | V68: L | W68: 79xx26 cm | X68: 1 | Y68: 0 | Z68: screw-ons | AA68: 425 | AO68: =AA68*SUM(AB68:AN68) -> 0
B69: DEVELOPED SLOPERS 5 | C69: #VALUE! | D69: D-DES5-GRP-DT | E69: Dual tex. | F69: 6.12 | G69: =SUM(AB69:AN69)*F69 -> 0 | H69: =AB69*X69 -> 0 | I69: =AC69*X69 -> 0 | J69: =AD69*X69 -> 0 | K69: =AE69*X69 -> 0 | L69: =AF69*X69 -> 0 | M69: =AG69*X69 -> 0 | N69: =AH69*X69 -> 0 | O69: =AI69*X69 -> 0 | P69: =AJ69*X69 -> 0 | Q69: =AK69*X69 -> 0 | R69: =AL69*X69 -> 0 | S69: =AM69*X69 -> 0 | T69: =AN69*X69 -> 0 | V69: XL | W69: 93xx25 cm | X69: 1 | Y69: 0 | Z69: screw-ons | AA69: 450 | AO69: =AA69*SUM(AB69:AN69) -> 0
B70: DEVELOPED SLOPERS 6 | C70: #VALUE! | D70: D-DES6-GRP-DT | E70: Dual tex. | F70: 9.81 | G70: =SUM(AB70:AN70)*F70 -> 0 | H70: =AB70*X70 -> 0 | I70: =AC70*X70 -> 0 | J70: =AD70*X70 -> 0 | K70: =AE70*X70 -> 0 | L70: =AF70*X70 -> 0 | M70: =AG70*X70 -> 0 | N70: =AH70*X70 -> 0 | O70: =AI70*X70 -> 0 | P70: =AJ70*X70 -> 0 | Q70: =AK70*X70 -> 0 | R70: =AL70*X70 -> 0 | S70: =AM70*X70 -> 0 | T70: =AN70*X70 -> 0 | V70: XL | W70: 111xx30 cm | X70: 1 | Y70: 0 | Z70: screw-ons | AA70: 590 | AO70: =AA70*SUM(AB70:AN70) -> 0
B71: DEVELOPED SLOPERS | C71: ALL DEVELOPED SLOPERS | D71: D-DES-GRP-DT | E71: Dual tex. | F71: =SUM(F65:F70) -> 25.51 | G71: =SUM(AB71:AN71)*F71 -> 0 | H71: =AB71*X71 -> 0 | I71: =AC71*X71 -> 0 | J71: =AD71*X71 -> 0 | K71: =AE71*X71 -> 0 | L71: =AF71*X71 -> 0 | M71: =AG71*X71 -> 0 | N71: =AH71*X71 -> 0 | O71: =AI71*X71 -> 0 | P71: =AJ71*X71 -> 0 | Q71: =AK71*X71 -> 0 | R71: =AL71*X71 -> 0 | S71: =AM71*X71 -> 0 | T71: =AN71*X71 -> 0 | X71: 6 | Y71: 0 | Z71: screw-ons | AA71: 2250 | AO71: =AA71*SUM(AB71:AN71) -> 0
AA72: MASTER
B73: MASTER 1 | C73: #VALUE! | D73: D-BEG1-GRP-DT | E73: Dual tex. | F73: =0.5+0.6 -> 1.1 | G73: =SUM(AB73:AN73)*F73 -> 0 | H73: =AB73*$X73 -> 0 | I73: =AC73*$X73 -> 0 | J73: =AD73*$X73 -> 0 | K73: =AE73*$X73 -> 0 | L73: =AF73*$X73 -> 0 | M73: =AG73*$X73 -> 0 | N73: =AH73*$X73 -> 0 | O73: =AI73*$X73 -> 0 | ... T73: =AN73*$X73 -> 0 | U73: 1 | V73: L | W73: 70x20x10 cm | X73: 1 | Y73: 0 | Z73: screw-ons | AA73: 265 | AO73: =AA73*SUM(AB73:AN73) -> 0
B74: MASTER 2 | C74: #VALUE! | D74: D-BEG2-GRP-DT | E74: Dual tex. | F74: =0.7+0.5 -> 1.2 | G74: =SUM(AB74:AN74)*F74 -> 0 | H74: =AB74*$X74 -> 0 | I74: =AC74*$X74 -> 0 | J74: =AD74*$X74 -> 0 | K74: =AE74*$X74 -> 0 | L74: =AF74*$X74 -> 0 | M74: =AG74*$X74 -> 0 | N74: =AH74*$X74 -> 0 | O74: =AI74*$X74 -> 0 | ... T74: =AN74*$X74 -> 0 | U74: 1 | V74: L | W74: 70x25x10 cm | X74: 1 | Y74: 0 | Z74: screw-ons | AA74: 265 | AO74: =AA74*SUM(AB74:AN74) -> 0
B75: MASTER 3 | C75: #VALUE! | D75: D-BEG3-GRP-DT | E75: Dual tex. | F75: 0.7 | G75: =SUM(AB75:AN75)*F75 -> 0 | H75: =AB75*$X75 -> 0 | I75: =AC75*$X75 -> 0 | J75: =AD75*$X75 -> 0 | K75: =AE75*$X75 -> 0 | L75: =AF75*$X75 -> 0 | M75: =AG75*$X75 -> 0 | N75: =AH75*$X75 -> 0 | O75: =AI75*$X75 -> 0 | ... T75: =AN75*$X75 -> 0 | U75: 1 | V75: L | W75: 70x28x10 cm | X75: 1 | Y75: 0 | Z75: screw-ons | AA75: 255 | AO75: =AA75*SUM(AB75:AN75) -> 0
B76: MASTER 4 | C76: #VALUE! | D76: D-BEG4-GRP-DT | E76: Dual tex. | F76: 1.3 | G76: =SUM(AB76:AN76)*F76 -> 0 | H76: =AB76*$X76 -> 0 | I76: =AC76*$X76 -> 0 | J76: =AD76*$X76 -> 0 | K76: =AE76*$X76 -> 0 | L76: =AF76*$X76 -> 0 | M76: =AG76*$X76 -> 0 | N76: =AH76*$X76 -> 0 | O76: =AI76*$X76 -> 0 | ... T76: =AN76*$X76 -> 0 | U76: 1 | V76: L | W76: 70x28x10 cm | X76: 1 | Y76: 0 | Z76: screw-ons | AA76: 255 | AO76: =AA76*SUM(AB76:AN76) -> 0
B77: MASTER 5 | C77: #VALUE! | D77: D-BEG5-GRP-DT | E77: Dual tex. | F77: 1.2 | G77: =SUM(AB77:AN77)*F77 -> 0 | H77: =AB77*$X77 -> 0 | I77: =AC77*$X77 -> 0 | J77: =AD77*$X77 -> 0 | K77: =AE77*$X77 -> 0 | L77: =AF77*$X77 -> 0 | M77: =AG77*$X77 -> 0 | N77: =AH77*$X77 -> 0 | O77: =AI77*$X77 -> 0 | ... T77: =AN77*$X77 -> 0 | U77: 1 | V77: L | W77: 70x23x10 cm | X77: 1 | Y77: 0 | Z77: screw-ons | AA77: 255 | AO77: =AA77*SUM(AB77:AN77) -> 0
B78: MASTER 6 | C78: #VALUE! | D78: D-BEG6-GRP-DT | E78: Dual tex. | F78: 1.75 | G78: =SUM(AB78:AN78)*F78 -> 0 | H78: =AB78*$X78 -> 0 | I78: =AC78*$X78 -> 0 | J78: =AD78*$X78 -> 0 | K78: =AE78*$X78 -> 0 | L78: =AF78*$X78 -> 0 | M78: =AG78*$X78 -> 0 | N78: =AH78*$X78 -> 0 | O78: =AI78*$X78 -> 0 | ... T78: =AN78*$X78 -> 0 | U78: 1 | V78: L | W78: 73x28x10 cm | X78: 1 | Y78: 0 | Z78: screw-ons | AA78: 255 | AO78: =AA78*SUM(AB78:AN78) -> 0
B79: MASTER 7 | C79: #VALUE! | D79: D-BEG7-GRP-DT | E79: Dual tex. | F79: 1.45 | G79: =SUM(AB79:AN79)*F79 -> 0 | H79: =AB79*$X79 -> 0 | I79: =AC79*$X79 -> 0 | J79: =AD79*$X79 -> 0 | K79: =AE79*$X79 -> 0 | L79: =AF79*$X79 -> 0 | M79: =AG79*$X79 -> 0 | N79: =AH79*$X79 -> 0 | O79: =AI79*$X79 -> 0 | ... T79: =AN79*$X79 -> 0 | U79: 1 | V79: L | W79: 75x23x10 cm | X79: 1 | Y79: 0 | Z79: screw-ons | AA79: 255 | AO79: =AA79*SUM(AB79:AN79) -> 0
B80: MASTER 8 | C80: #VALUE! | D80: D-BEG8-GRP-DT | E80: Dual tex. | F80: 1.5 | G80: =SUM(AB80:AN80)*F80 -> 0 | H80: =AB80*$X80 -> 0 | I80: =AC80*$X80 -> 0 | J80: =AD80*$X80 -> 0 | K80: =AE80*$X80 -> 0 | L80: =AF80*$X80 -> 0 | M80: =AG80*$X80 -> 0 | N80: =AH80*$X80 -> 0 | O80: =AI80*$X80 -> 0 | ... T80: =AN80*$X80 -> 0 | U80: 1 | V80: L | W80: 75x20x10 cm | X80: 1 | Y80: 0 | Z80: screw-ons | AA80: 265 | AO80: =AA80*SUM(AB80:AN80) -> 0
B81: MASTER 9 | C81: #VALUE! | D81: D-BEG9-GRP-DT | E81: Dual tex. | F81: 2.05 | G81: =SUM(AB81:AN81)*F81 -> 0 | H81: =AB81*$X81 -> 0 | I81: =AC81*$X81 -> 0 | J81: =AD81*$X81 -> 0 | K81: =AE81*$X81 -> 0 | L81: =AF81*$X81 -> 0 | M81: =AG81*$X81 -> 0 | N81: =AH81*$X81 -> 0 | O81: =AI81*$X81 -> 0 | ... T81: =AN81*$X81 -> 0 | U81: 1 | V81: L | W81: 75x20x10 cm | X81: 1 | Y81: 0 | Z81: screw-ons | AA81: 265 | AO81: =AA81*SUM(AB81:AN81) -> 0
B82: MASTER 10 | C82: #VALUE! | D82: D-BEG10-GRP-DT | E82: Dual tex. | F82: 2.05 | G82: =SUM(AB82:AN82)*F82 -> 0 | H82: =AB82*$X82 -> 0 | I82: =AC82*$X82 -> 0 | J82: =AD82*$X82 -> 0 | K82: =AE82*$X82 -> 0 | L82: =AF82*$X82 -> 0 | M82: =AG82*$X82 -> 0 | N82: =AH82*$X82 -> 0 | O82: =AI82*$X82 -> 0 | ... T82: =AN82*$X82 -> 0 | U82: 1 | V82: M | W82: 60x20x10 cm 60x20x10 cm | X82: 2 | Y82: 0 | Z82: screw-ons | AA82: 475 | AO82: =AA82*SUM(AB82:AN82) -> 0
B83: MASTER 11 | C83: #VALUE! | D83: D-BEG11-GRP-DT | E83: Dual tex. | F83: 2.6 | G83: =SUM(AB83:AN83)*F83 -> 0 | H83: =AB83*$X83 -> 0 | I83: =AC83*$X83 -> 0 | J83: =AD83*$X83 -> 0 | K83: =AE83*$X83 -> 0 | L83: =AF83*$X83 -> 0 | M83: =AG83*$X83 -> 0 | N83: =AH83*$X83 -> 0 | O83: =AI83*$X83 -> 0 | ... T83: =AN83*$X83 -> 0 | U83: 1 | V83: M | W83: 60x20x10 cm 60x20x10 cm | X83: 2 | Y83: 0 | Z83: screw-ons | AA83: 465 | AO83: =AA83*SUM(AB83:AN83) -> 0
B84: MASTER 12 | C84: #VALUE! | D84: D-BEG12-GRP-DT | E84: Dual tex. | F84: 2.35 | G84: =SUM(AB84:AN84)*F84 -> 0 | H84: =AB84*$X84 -> 0 | I84: =AC84*$X84 -> 0 | J84: =AD84*$X84 -> 0 | K84: =AE84*$X84 -> 0 | L84: =AF84*$X84 -> 0 | M84: =AG84*$X84 -> 0 | N84: =AH84*$X84 -> 0 | O84: =AI84*$X84 -> 0 | ... T84: =AN84*$X84 -> 0 | U84: 1 | V84: M | W84: 45x20x10 cm 45x20x10 cm | X84: 2 | Y84: 0 | Z84: screw-ons | AA84: 440 | AO84: =AA84*SUM(AB84:AN84) -> 0
B85: MASTER 13 | C85: #VALUE! | D85: D-BEG13-GRP-DT | E85: Dual tex. | F85: 3 | G85: =SUM(AB85:AN85)*F85 -> 0 | H85: =AB85*$X85 -> 0 | I85: =AC85*$X85 -> 0 | J85: =AD85*$X85 -> 0 | K85: =AE85*$X85 -> 0 | L85: =AF85*$X85 -> 0 | M85: =AG85*$X85 -> 0 | N85: =AH85*$X85 -> 0 | O85: =AI85*$X85 -> 0 | ... T85: =AN85*$X85 -> 0 | U85: 2 | V85: M | W85: 40x20x10 cm 40x20x10 cm | X85: 2 | Y85: 0 | Z85: screw-ons | AA85: 395 | AO85: =AA85*SUM(AB85:AN85) -> 0
B86: MASTER 14 | C86: #VALUE! | D86: D-BEG14-GRP-DT | E86: Dual tex. | F86: 4.4 | G86: =SUM(AB86:AN86)*F86 -> 0 | H86: =AB86*$X86 -> 0 | I86: =AC86*$X86 -> 0 | J86: =AD86*$X86 -> 0 | K86: =AE86*$X86 -> 0 | L86: =AF86*$X86 -> 0 | M86: =AG86*$X86 -> 0 | N86: =AH86*$X86 -> 0 | O86: =AI86*$X86 -> 0 | ... T86: =AN86*$X86 -> 0 | U86: 2 | V86: M | W86: 60x20x10 cm 60x20x10 cm | X86: 2 | Y86: 0 | Z86: screw-ons | AA86: 475 | AO86: =AA86*SUM(AB86:AN86) -> 0
B87: MASTER | C87: MASTER: THE WHOLE RANGE | D87: D-BEG-GRP-DT | E87: Dual tex. | F87: =SUM(F73:F86) -> 26.65 | G87: =SUM(AB87:AN87)*F87 -> 0 | H87: =AB87*$X$25 -> 0 | I87: =AC87*$X$25 -> 0 | J87: =AD87*$X$25 -> 0 | K87: =AE87*$X$25 -> 0 | L87: =AF87*$X$25 -> 0 | M87: =AG87*$X$25 -> 0 | N87: =AH87*$X$25 -> 0 | O87: =AI87*$X$25 -> 0 | ... T87: =AN87*$X$25 -> 0 | U87: =SUM(U73:U86) -> 16 | V87: M-L | X87: =SUM(X73:X86) -> 19 | Y87: 0 | Z87: screw-ons | AA87: 4585 | AO87: =AA87*SUM(AB87:AN87) -> 0

Sheet DELTA WOOD
B2: #VALUE! | Z2: DELTA WOOD
AB3: Sum Price without VAT | AC3: =SUM(AP$11:AP$1048576) -> 0 | AD3: EUR
AB4: Sum SETS | AC4: =SUM(AC11:AO195) -> 0
AB5: Sum of pcs | AC5: =AP8 -> 0
AB6: SUM | AC6: =SUM(G$11:G$1048576) -> 0 | AD6: kg
AP7: SUM of pcs.
AB8: Sum pcs. by colour: | AC8: =SUM(H:H) -> 0 | AD8: =SUM(I:I) -> 0 | AE8: =SUM(J:J) -> 0 | AF8: =SUM(K:K) -> 0 | AG8: =SUM(L:L) -> 0 | AH8: =SUM(M:M) -> 0 | AI8: =SUM(N:N) -> 0 | AJ8: =SUM(O:O) -> 0 | AK8: =SUM(P:P) -> 0 | AL8: =SUM(Q:Q) -> 0 | AM8: =SUM(R:R) -> 0 | AN8: =SUM(S:S) -> 0 | AO8: =SUM(T:T) -> 0 | AP8: =SUM(AC8:AO8) -> 0
B9: NAME | D9: ID | E9: NOTES | F9: KG | G9: sum kg | H9: black | I9: white | J9: red | K9: yellow | L9: blue | M9: green | N9: orange | O9: deep orange | P9: pink | Q9: grey | R9: purple | S9: mint | T9: deep rose | U9: norma | V9: SIZE | W9: DIMENSIONS | X9: PCS. IN SET | Y9: T-NUTS | Z9: FIXING | AB9: PRICE WITHOUT VAT | AC9: BLACK RAL 9005 | AD9: WHITE | AE9: RED RAL 3000 | AF9: YELLOW RAL 1018 | AG9: BLUE RAL 5015 | AH9: GREEN RAL 6018 | AI9: ORANGE RAL 1033 | AJ9: DEEP ORANGE RAL 2011 | AK9: PINK RAL 4003 | AL9: GREY RAL 7001 | AM9: PURPLE S4050-R60B/M | AN9: MINT RAL 6027 | AO9: DEEP ROSE RAL 4008 | AP9: Sum
B10: #VALUE! | V10: #VALUE! | AB10: GIZA
B11: Giza-1 | C11: #VALUE! | D11: D-GI1-W | F11: 13.71 | G11: =SUM(AC11:AO11)*F11 -> 0 | H11: =AC11*$X$11 -> 0 | I11: =AD11*$X$11 -> 0 | J11: =AE11*$X$11 -> 0 | K11: =AF11*$X$11 -> 0 | L11: =AG11*$X$11 -> 0 | M11: =AH11*$X$11 -> 0 | N11: =AI11*$X$11 -> 0 | O11: =AJ11*$X$11 -> 0 | ... T11: =AO11*$X$11 -> 0 | U11: 1 | V11: XL | W11: 900x900x200 mm | X11: 1 | Y11: 11 | Z11: screw-ons | AB11: 500 | AP11: =AB11*SUM(AC11:AO11) -> 0
B12: Giza-2 | C12: #VALUE! | D12: D-GI2-W | F12: 3.23 | G12: =SUM(AC12:AO12)*F12 -> 0 | H12: =AC12*$X$12 -> 0 | I12: =AD12*$X$12 -> 0 | J12: =AE12*$X$12 -> 0 | K12: =AF12*$X$12 -> 0 | L12: =AG12*$X$12 -> 0 | M12: =AH12*$X$12 -> 0 | N12: =AI12*$X$12 -> 0 | O12: =AJ12*$X$12 -> 0 | ... T12: =AO12*$X$12 -> 0 | U12: 1 | V12: M | W12: 450x450x100 mm | X12: 1 | Y12: 3 | Z12: screw-ons | AB12: 210 | AP12: =AB12*SUM(AC12:AO12) -> 0
B13: Giza-3 | C13: #VALUE! | D13: D-GI3-W | F13: 0.88 | G13: =SUM(AC13:AO13)*F13 -> 0 | H13: =AC13*$X$13 -> 0 | I13: =AD13*$X$13 -> 0 | J13: =AE13*$X$13 -> 0 | K13: =AF13*$X$13 -> 0 | L13: =AG13*$X$13 -> 0 | M13: =AH13*$X$13 -> 0 | N13: =AI13*$X$13 -> 0 | O13: =AJ13*$X$13 -> 0 | ... T13: =AO13*$X$13 -> 0 | U13: 1 | V13: S | W13: 225x225x100 mm | X13: 1 | Y13: 0 | Z13: screw-ons | AB13: 135 | AP13: =AB13*SUM(AC13:AO13) -> 0
B14: GIZA: THE WHOLE RANGE | C14: #VALUE! | D14: D-GI-W | F14: =SUM(F11:F13) -> 17.82 | G14: =SUM(AC14:AO14)*F14 -> 0 | H14: =AC14*$X$14 -> 0 | I14: =AD14*$X$14 -> 0 | J14: =AE14*$X$14 -> 0 | K14: =AF14*$X$14 -> 0 | L14: =AG14*$X$14 -> 0 | M14: =AH14*$X$14 -> 0 | N14: =AI14*$X$14 -> 0 | O14: =AJ14*$X$14 -> 0 | ... T14: =AO14*$X$14 -> 0 | U14: =SUM(U11:U13) -> 3 | V14: S-XL | X14: 3 | Y14: =SUM(Y11:Y13) -> 14 | Z14: screw-ons | AB14: 845 | AP14: =AB14*SUM(AC14:AO14) -> 0
B15: #VALUE! | V15: #VALUE! | AB15: POINTER
B16: Pointer-1 | C16: #VALUE! | D16: D-PO1-W | F16: 7.63 | G16: =SUM(AC16:AO16)*F16 -> 0 | H16: =AC16*$X$16 -> 0 | I16: =AD16*$X$16 -> 0 | J16: =AE16*$X$16 -> 0 | K16: =AF16*$X$16 -> 0 | L16: =AG16*$X$16 -> 0 | M16: =AH16*$X$16 -> 0 | N16: =AI16*$X$16 -> 0 | O16: =AJ16*$X$16 -> 0 | ... T16: =AO16*$X$16 -> 0 | U16: 1 | V16: 3XL | W16: 1800x1038x180 mm | X16: 1 | Y16: 6 | Z16: screw-ons | AB16: 500 | AP16: =AB16*SUM(AC16:AO16) -> 0
B17: Pointer-2 | C17: #VALUE! | D17: D-PO2-W | F17: 7.32 | G17: =SUM(AC17:AO17)*F17 -> 0 | H17: =AC17*$X$17 -> 0 | I17: =AD17*$X$17 -> 0 | J17: =AE17*$X$17 -> 0 | K17: =AF17*$X$17 -> 0 | L17: =AG17*$X$17 -> 0 | M17: =AH17*$X$17 -> 0 | N17: =AI17*$X$17 -> 0 | O17: =AJ17*$X$17 -> 0 | ... T17: =AO17*$X$17 -> 0 | U17: 1 | V17: 3XL | W17: 1800x1053x180 mm | X17: 1 | Y17: 6 | Z17: screw-ons | AB17: 500 | AP17: =AB17*SUM(AC17:AO17) -> 0
B18: Pointer-3 | C18: #VALUE! | D18: D-PO3-W | F18: 7.4 | G18: =SUM(AC18:AO18)*F18 -> 0 | H18: =AC18*$X$18 -> 0 | I18: =AD18*$X$18 -> 0 | J18: =AE18*$X$18 -> 0 | K18: =AF18*$X$18 -> 0 | L18: =AG18*$X$18 -> 0 | M18: =AH18*$X$18 -> 0 | N18: =AI18*$X$18 -> 0 | O18: =AJ18*$X$18 -> 0 | ... T18: =AO18*$X$18 -> 0 | U18: 1 | V18: 3XL | W18: 1800x1053x180 mm | X18: 1 | Y18: 5 | Z18: screw-ons | AB18: 500 | AP18: =AB18*SUM(AC18:AO18) -> 0
B19: Pointer-4 | C19: #VALUE! | D19: D-PO4-W | F19: 7.75 | G19: =SUM(AC19:AO19)*F19 -> 0 | H19: =AC19*$X$19 -> 0 | I19: =AD19*$X$19 -> 0 | J19: =AE19*$X$19 -> 0 | K19: =AF19*$X$19 -> 0 | L19: =AG19*$X$19 -> 0 | M19: =AH19*$X$19 -> 0 | N19: =AI19*$X$19 -> 0 | O19: =AJ19*$X$19 -> 0 | ... T19: =AO19*$X$19 -> 0 | U19: 1 | V19: 3XL | W19: 1800x1053x180 mm | X19: 1 | Y19: 6 | Z19: screw-ons | AB19: 500 | AP19: =AB19*SUM(AC19:AO19) -> 0
B20: POINTER: THE WHOLE RANGE | C20: #VALUE! | D20: D-PO-W | F20: =SUM(F16:F19) -> 30.1 | G20: =SUM(AC20:AO20)*F20 -> 0 | H20: =AC20*$X$20 -> 0 | I20: =AD20*$X$20 -> 0 | J20: =AE20*$X$20 -> 0 | K20: =AF20*$X$20 -> 0 | L20: =AG20*$X$20 -> 0 | M20: =AH20*$X$20 -> 0 | N20: =AI20*$X$20 -> 0 | O20: =AJ20*$X$20 -> 0 | ... T20: =AO20*$X$20 -> 0 | U20: =SUM(U16:U19) -> 4 | V20: 3XL | X20: 4 | Y20: =SUM(Y16:Y19) -> 23 | Z20: screw-ons | AB20: 2000 | AP20: =AB20*SUM(AC20:AO20) -> 0
B21: #VALUE! | G21: =SUM(AC21:AO21)*F21 -> 0 | AB21: MATRIX
B22: Matrix-1.1 | C22: #VALUE! | D22: D-MX1.1-W | F22: 0.39 | G22: =SUM(AC22:AO22)*F22 -> 0 | H22: =AC22*$X$22 -> 0 | I22: =AD22*$X$22 -> 0 | J22: =AE22*$X$22 -> 0 | K22: =AF22*$X$22 -> 0 | L22: =AG22*$X$22 -> 0 | M22: =AH22*$X$22 -> 0 | N22: =AI22*$X$22 -> 0 | O22: =AJ22*$X$22 -> 0 | ... T22: =AO22*$X$22 -> 0 | U22: 1 | V22: S | W22: 300x33x30 mm | X22: 1 | Y22: 0 | Z22: screw-ons | AB22: 125 | AP22: =AB22*SUM(AC22:AO22) -> 0
B23: Matrix-1.2 | C23: #VALUE! | D23: D-MX1.2-W | F23: 0.48 | G23: =SUM(AC23:AO23)*F23 -> 0 | H23: =AC23*$X$23 -> 0 | I23: =AD23*$X$23 -> 0 | J23: =AE23*$X$23 -> 0 | K23: =AF23*$X$23 -> 0 | L23: =AG23*$X$23 -> 0 | M23: =AH23*$X$23 -> 0 | N23: =AI23*$X$23 -> 0 | O23: =AJ23*$X$23 -> 0 | ... T23: =AO23*$X$23 -> 0 | U23: 1 | V23: S | W23: 300x48x40 mm | X23: 1 | Y23: 0 | Z23: screw-ons | AB23: 125 | AP23: =AB23*SUM(AC23:AO23) -> 0
B24: Matrix-1.3 | C24: #VALUE! | D24: D-MX1.3-W | F24: 0.61 | G24: =SUM(AC24:AO24)*F24 -> 0 | H24: =AC24*$X$24 -> 0 | I24: =AD24*$X$24 -> 0 | J24: =AE24*$X$24 -> 0 | K24: =AF24*$X$24 -> 0 | L24: =AG24*$X$24 -> 0 | M24: =AH24*$X$24 -> 0 | N24: =AI24*$X$24 -> 0 | O24: =AJ24*$X$24 -> 0 | ... T24: =AO24*$X$24 -> 0 | U24: 1 | V24: S | W24: 300x69x50 mm | X24: 1 | Y24: 0 | Z24: screw-ons | AB24: 125 | AP24: =AB24*SUM(AC24:AO24) -> 0
B25: Matrix-1.4 | C25: #VALUE! | D25: D-MX1.4-W | F25: 0.69 | G25: =SUM(AC25:AO25)*F25 -> 0 | H25: =AC25*$X$25 -> 0 | I25: =AD25*$X$25 -> 0 | J25: =AE25*$X$25 -> 0 | K25: =AF25*$X$25 -> 0 | L25: =AG25*$X$25 -> 0 | M25: =AH25*$X$25 -> 0 | N25: =AI25*$X$25 -> 0 | O25: =AJ25*$X$25 -> 0 | ... T25: =AO25*$X$25 -> 0 | U25: 1 | V25: S | W25: 300x82x55 mm | X25: 1 | Y25: 0 | Z25: screw-ons | AB25: 125 | AP25: =AB25*SUM(AC25:AO25) -> 0
B26: Matrix-2.1 | C26: #VALUE! | D26: D-MX2.1-W | F26: 0.76 | G26: =SUM(AC26:AO26)*F26 -> 0 | H26: =AC26*$X$26 -> 0 | I26: =AD26*$X$26 -> 0 | J26: =AE26*$X$26 -> 0 | K26: =AF26*$X$26 -> 0 | L26: =AG26*$X$26 -> 0 | M26: =AH26*$X$26 -> 0 | N26: =AI26*$X$26 -> 0 | O26: =AJ26*$X$26 -> 0 | ... T26: =AO26*$X$26 -> 0 | U26: 1 | V26: M | W26: 400x50x30 mm | X26: 1 | Y26: 0 | Z26: screw-ons | AB26: 135 | AP26: =AB26*SUM(AC26:AO26) -> 0
B27: Matrix-2.2 | C27: #VALUE! | D27: D-MX2.2-W | F27: 0.93 | G27: =SUM(AC27:AO27)*F27 -> 0 | H27: =AC27*$X$27 -> 0 | I27: =AD27*$X$27 -> 0 | J27: =AE27*$X$27 -> 0 | K27: =AF27*$X$27 -> 0 | L27: =AG27*$X$27 -> 0 | M27: =AH27*$X$27 -> 0 | N27: =AI27*$X$27 -> 0 | O27: =AJ27*$X$27 -> 0 | ... T27: =AO27*$X$27 -> 0 | U27: 1 | V27: M | W27: 400x73x40 mm | X27: 1 | Y27: 0 | Z27: screw-ons | AB27: 135 | AP27: =AB27*SUM(AC27:AO27) -> 0
B28: Matrix-2.3 | C28: #VALUE! | D28: D-MX2.3-W | F28: 1.15 | G28: =SUM(AC28:AO28)*F28 -> 0 | H28: =AC28*$X$28 -> 0 | I28: =AD28*$X$28 -> 0 | J28: =AE28*$X$28 -> 0 | K28: =AF28*$X$28 -> 0 | L28: =AG28*$X$28 -> 0 | M28: =AH28*$X$28 -> 0 | N28: =AI28*$X$28 -> 0 | O28: =AJ28*$X$28 -> 0 | ... T28: =AO28*$X$28 -> 0 | U28: 1 | V28: M | W28: 400x103x50 mm | X28: 1 | Y28: 0 | Z28: screw-ons | AB28: 140 | AP28: =AB28*SUM(AC28:AO28) -> 0
B29: Matrix-2.4 | C29: #VALUE! | D29: D-MX2.4-W | F29: 1.3 | G29: =SUM(AC29:AO29)*F29 -> 0 | H29: =AC29*$X$29 -> 0 | I29: =AD29*$X$29 -> 0 | J29: =AE29*$X$29 -> 0 | K29: =AF29*$X$29 -> 0 | L29: =AG29*$X$29 -> 0 | M29: =AH29*$X$29 -> 0 | N29: =AI29*$X$29 -> 0 | O29: =AJ29*$X$29 -> 0 | ... T29: =AO29*$X$29 -> 0 | U29: 1 | V29: M | W29: 400x124x55 mm | X29: 1 | Y29: 0 | Z29: screw-ons | AB29: 140 | AP29: =AB29*SUM(AC29:AO29) -> 0
B30: Matrix-3.1 | C30: #VALUE! | D30: D-MX3.1-W | F30: 1.9 | G30: =SUM(AC30:AO30)*F30 -> 0 | H30: =AC30*$X$30 -> 0 | I30: =AD30*$X$30 -> 0 | J30: =AE30*$X$30 -> 0 | K30: =AF30*$X$30 -> 0 | L30: =AG30*$X$30 -> 0 | M30: =AH30*$X$30 -> 0 | N30: =AI30*$X$30 -> 0 | O30: =AJ30*$X$30 -> 0 | ... T30: =AO30*$X$30 -> 0 | U30: 1 | V30: L | W30: 600x67x30 mm | X30: 1 | Y30: 0 | Z30: screw-ons | AB30: 180 | AP30: =AB30*SUM(AC30:AO30) -> 0
B31: Matrix-3.2 | C31: #VALUE! | D31: D-MX3.2-W | F31: 2.25 | G31: =SUM(AC31:AO31)*F31 -> 0 | H31: =AC31*$X$31 -> 0 | I31: =AD31*$X$31 -> 0 | J31: =AE31*$X$31 -> 0 | K31: =AF31*$X$31 -> 0 | L31: =AG31*$X$31 -> 0 | M31: =AH31*$X$31 -> 0 | N31: =AI31*$X$31 -> 0 | O31: =AJ31*$X$31 -> 0 | ... T31: =AO31*$X$31 -> 0 | U31: 1 | V31: L | W31: 600x97x40 mm | X31: 1 | Y31: 0 | Z31: screw-ons | AB31: 180 | AP31: =AB31*SUM(AC31:AO31) -> 0
B32: Matrix-3.3 | C32: #VALUE! | D32: D-MX3.3-W | F32: 2.7 | G32: =SUM(AC32:AO32)*F32 -> 0 | H32: =AC32*$X$32 -> 0 | I32: =AD32*$X$32 -> 0 | J32: =AE32*$X$32 -> 0 | K32: =AF32*$X$32 -> 0 | L32: =AG32*$X$32 -> 0 | M32: =AH32*$X$32 -> 0 | N32: =AI32*$X$32 -> 0 | O32: =AJ32*$X$32 -> 0 | ... T32: =AO32*$X$32 -> 0 | U32: 1 | V32: L | W32: 600x138x50 mm | X32: 1 | Y32: 0 | Z32: screw-ons | AB32: 190 | AP32: =AB32*SUM(AC32:AO32) -> 0
B33: Matrix-3.4 | C33: #VALUE! | D33: D-MX3.4-W | F33: 3.11 | G33: =SUM(AC33:AO33)*F33 -> 0 | H33: =AC33*$X$33 -> 0 | I33: =AD33*$X$33 -> 0 | J33: =AE33*$X$33 -> 0 | K33: =AF33*$X$33 -> 0 | L33: =AG33*$X$33 -> 0 | M33: =AH33*$X$33 -> 0 | N33: =AI33*$X$33 -> 0 | O33: =AJ33*$X$33 -> 0 | ... T33: =AO33*$X$33 -> 0 | U33: 1 | V33: L | W33: 600x165x55 mm | X33: 1 | Y33: 0 | Z33: screw-ons | AB33: 190 | AP33: =AB33*SUM(AC33:AO33) -> 0
B34: Matrix-4.1 | C34: #VALUE! | D34: D-MX4.1-W | F34: 3.53 | G34: =SUM(AC34:AO34)*F34 -> 0 | H34: =AC34*$X$34 -> 0 | I34: =AD34*$X$34 -> 0 | J34: =AE34*$X$34 -> 0 | K34: =AF34*$X$34 -> 0 | L34: =AG34*$X$34 -> 0 | M34: =AH34*$X$34 -> 0 | N34: =AI34*$X$34 -> 0 | O34: =AJ34*$X$34 -> 0 | ... T34: =AO34*$X$34 -> 0 | U34: 1 | V34: L | W34: 800x100x30 mm | X34: 1 | Y34: 2 | Z34: screw-ons | AB34: 220 | AP34: =AB34*SUM(AC34:AO34) -> 0
B35: Matrix-4.2 | C35: #VALUE! | D35: D-MX4.2-W | F35: 4.14 | G35: =SUM(AC35:AO35)*F35 -> 0 | H35: =AC35*$X$35 -> 0 | I35: =AD35*$X$35 -> 0 | J35: =AE35*$X$35 -> 0 | K35: =AF35*$X$35 -> 0 | L35: =AG35*$X$35 -> 0 | M35: =AH35*$X$35 -> 0 | N35: =AI35*$X$35 -> 0 | O35: =AJ35*$X$35 -> 0 | ... T35: =AO35*$X$35 -> 0 | U35: 1 | V35: L | W35: 800x145x40 mm | X35: 1 | Y35: 2 | Z35: screw-ons | AB35: 220 | AP35: =AB35*SUM(AC35:AO35) -> 0
B36: Matrix-4.3 | C36: #VALUE! | D36: D-MX4.3-W | F36: 5.03 | G36: =SUM(AC36:AO36)*F36 -> 0 | H36: =AC36*$X$36 -> 0 | I36: =AD36*$X$36 -> 0 | J36: =AE36*$X$36 -> 0 | K36: =AF36*$X$36 -> 0 | L36: =AG36*$X$36 -> 0 | M36: =AH36*$X$36 -> 0 | N36: =AI36*$X$36 -> 0 | O36: =AJ36*$X$36 -> 0 | ... T36: =AO36*$X$36 -> 0 | U36: 1 | V36: L | W36: 800x206x50 mm | X36: 1 | Y36: 2 | Z36: screw-ons | AB36: 230 | AP36: =AB36*SUM(AC36:AO36) -> 0
B37: Matrix-4.4 | C37: #VALUE! | D37: D-MX4.4-W | F37: 5.68 | G37: =SUM(AC37:AO37)*F37 -> 0 | H37: =AC37*$X$37 -> 0 | I37: =AD37*$X$37 -> 0 | J37: =AE37*$X$37 -> 0 | K37: =AF37*$X$37 -> 0 | L37: =AG37*$X$37 -> 0 | M37: =AH37*$X$37 -> 0 | N37: =AI37*$X$37 -> 0 | O37: =AJ37*$X$37 -> 0 | ... T37: =AO37*$X$37 -> 0 | U37: 1 | V37: L | W37: 800x247x55 mm | X37: 1 | Y37: 2 | Z37: screw-ons | AB37: 230 | AP37: =AB37*SUM(AC37:AO37) -> 0
B38: Matrix-5.1 | C38: #VALUE! | D38: D-MX5.1-W | F38: 5.7 | G38: =SUM(AC38:AO38)*F38 -> 0 | H38: =AC38*$X$38 -> 0 | I38: =AD38*$X$38 -> 0 | J38: =AE38*$X$38 -> 0 | K38: =AF38*$X$38 -> 0 | L38: =AG38*$X$38 -> 0 | M38: =AH38*$X$38 -> 0 | N38: =AI38*$X$38 -> 0 | O38: =AJ38*$X$38 -> 0 | ... T38: =AO38*$X$38 -> 0 | U38: 1 | V38: XL | W38: 1000x13330 mm | X38: 1 | Y38: 6 | Z38: screw-ons | AB38: 250 | AP38: =AB38*SUM(AC38:AO38) -> 0
B39: Matrix-5.2 | C39: #VALUE! | D39: D-MX5.2-W | F39: 6.67 | G39: =SUM(AC39:AO39)*F39 -> 0 | H39: =AC39*$X$39 -> 0 | I39: =AD39*$X$39 -> 0 | J39: =AE39*$X$39 -> 0 | K39: =AF39*$X$39 -> 0 | L39: =AG39*$X$39 -> 0 | M39: =AH39*$X$39 -> 0 | N39: =AI39*$X$39 -> 0 | O39: =AJ39*$X$39 -> 0 | ... T39: =AO39*$X$39 -> 0 | U39: 1 | V39: XL | W39: 1000x194x40 mm | X39: 1 | Y39: 6 | Z39: screw-ons | AB39: 250 | AP39: =AB39*SUM(AC39:AO39) -> 0
B40: Matrix-5.3 | C40: #VALUE! | D40: D-MX5.3-W | F40: 8.01 | G40: =SUM(AC40:AO40)*F40 -> 0 | H40: =AC40*$X$40 -> 0 | I40: =AD40*$X$40 -> 0 | J40: =AE40*$X$40 -> 0 | K40: =AF40*$X$40 -> 0 | L40: =AG40*$X$40 -> 0 | M40: =AH40*$X$40 -> 0 | N40: =AI40*$X$40 -> 0 | O40: =AJ40*$X$40 -> 0 | ... T40: =AO40*$X$40 -> 0 | U40: 1 | V40: XL | W40: 1000x275x50 mm | X40: 1 | Y40: 6 | Z40: screw-ons | AB40: 280 | AP40: =AB40*SUM(AC40:AO40) -> 0
B41: Matrix-5.4 | C41: #VALUE! | D41: D-MX5.4-W | F41: 9.07 | G41: =SUM(AC41:AO41)*F41 -> 0 | H41: =AC41*$X$41 -> 0 | I41: =AD41*$X$41 -> 0 | J41: =AE41*$X$41 -> 0 | K41: =AF41*$X$41 -> 0 | L41: =AG41*$X$41 -> 0 | M41: =AH41*$X$41 -> 0 | N41: =AI41*$X$41 -> 0 | O41: =AJ41*$X$41 -> 0 | ... T41: =AO41*$X$41 -> 0 | U41: 1 | V41: XL | W41: 1000x330x55 mm | X41: 1 | Y41: 6 | Z41: screw-ons | AB41: 290 | AP41: =AB41*SUM(AC41:AO41) -> 0
B42: Matrix-6.1 | C42: #VALUE! | D42: D-MX6.1-W | F42: 9.95 | G42: =SUM(AC42:AO42)*F42 -> 0 | H42: =AC42*$X$42 -> 0 | I42: =AD42*$X$42 -> 0 | J42: =AE42*$X$42 -> 0 | K42: =AF42*$X$42 -> 0 | L42: =AG42*$X$42 -> 0 | M42: =AH42*$X$42 -> 0 | N42: =AI42*$X$42 -> 0 | O42: =AJ42*$X$42 -> 0 | ... T42: =AO42*$X$42 -> 0 | U42: 1 | V42: 2XL | W42: 1300x167x30 mm | X42: 1 | Y42: 14 | Z42: screw-ons | AB42: 490 | AP42: =AB42*SUM(AC42:AO42) -> 0
B43: Matrix-6.2 | C43: #VALUE! | D43: D-MX6.2-W | F43: 11.5 | G43: =SUM(AC43:AO43)*F43 -> 0 | H43: =AC43*$X$43 -> 0 | I43: =AD43*$X$43 -> 0 | J43: =AE43*$X$43 -> 0 | K43: =AF43*$X$43 -> 0 | L43: =AG43*$X$43 -> 0 | M43: =AH43*$X$43 -> 0 | N43: =AI43*$X$43 -> 0 | O43: =AJ43*$X$43 -> 0 | ... T43: =AO43*$X$43 -> 0 | U43: 1 | V43: 2XL | W43: 1300x242x40 mm | X43: 1 | Y43: 14 | Z43: screw-ons | AB43: 490 | AP43: =AB43*SUM(AC43:AO43) -> 0
B44: Matrix-6.3 | C44: #VALUE! | D44: D-MX6.3-W | F44: 13.87 | G44: =SUM(AC44:AO44)*F44 -> 0 | H44: =AC44*$X$44 -> 0 | I44: =AD44*$X$44 -> 0 | J44: =AE44*$X$44 -> 0 | K44: =AF44*$X$44 -> 0 | L44: =AG44*$X$44 -> 0 | M44: =AH44*$X$44 -> 0 | N44: =AI44*$X$44 -> 0 | O44: =AJ44*$X$44 -> 0 | ... T44: =AO44*$X$44 -> 0 | U44: 1 | V44: 2XL | W44: 1300x344x50 mm | X44: 1 | Y44: 14 | Z44: screw-ons | AB44: 520 | AP44: =AB44*SUM(AC44:AO44) -> 0
B45: Matrix-6.4 | C45: #VALUE! | D45: D-MX6.4-W | F45: 15.6 | G45: =SUM(AC45:AO45)*F45 -> 0 | H45: =AC45*$X$45 -> 0 | I45: =AD45*$X$45 -> 0 | J45: =AE45*$X$45 -> 0 | K45: =AF45*$X$45 -> 0 | L45: =AG45*$X$45 -> 0 | M45: =AH45*$X$45 -> 0 | N45: =AI45*$X$45 -> 0 | O45: =AJ45*$X$45 -> 0 | ... T45: =AO45*$X$45 -> 0 | U45: 1 | V45: 2XL | W45: 1300x412x55 mm | X45: 1 | Y45: 18 | Z45: screw-ons | AB45: 520 | AP45: =AB45*SUM(AC45:AO45) -> 0
B46: MATRIX: THE WHOLE RANGE | C46: #VALUE! | D46: D-MX-W | F46: =SUM(F22:F45) -> 115.02 | G46: =SUM(AC46:AO46)*F46 -> 0 | H46: =AC46*$X$46 -> 0 | I46: =AD46*$X$46 -> 0 | J46: =AE46*$X$46 -> 0 | K46: =AF46*$X$46 -> 0 | L46: =AG46*$X$46 -> 0 | M46: =AH46*$X$46 -> 0 | N46: =AI46*$X$46 -> 0 | O46: =AJ46*$X$46 -> 0 | ... T46: =AO46*$X$46 -> 0 | U46: =SUM(U22:U45) -> 24 | V46: S-2XL | X46: 24 | Y46: =SUM(Y22:Y45) -> 92 | Z46: screw-ons | AB46: 5780 | AP46: =AB46*SUM(AC46:AO46) -> 0
B47: #VALUE! | G47: =SUM(AC47:AO47)*F47 -> 0 | V47: #VALUE! | AB47: BOAT
B48: Boat-1 | C48: #VALUE! | D48: D-BO1-W | F48: 11.35 | G48: =SUM(AC48:AO48)*F48 -> 0 | H48: =AC48*$X$48 -> 0 | I48: =AD48*$X$48 -> 0 | J48: =AE48*$X$48 -> 0 | K48: =AF48*$X$48 -> 0 | L48: =AG48*$X$48 -> 0 | M48: =AH48*$X$48 -> 0 | N48: =AI48*$X$48 -> 0 | O48: =AJ48*$X$48 -> 0 | ... T48: =AO48*$X$48 -> 0 | U48: 1 | V48: 3XL | W48: 1800x500x200 mm | X48: 1 | Y48: 8 | Z48: screw-ons | AB48: 500 | AP48: =AB48*SUM(AC48:AO48) -> 0
B49: Boat-2 | C49: #VALUE! | D49: D-BO2-W | F49: 7.75 | G49: =SUM(AC49:AO49)*F49 -> 0 | H49: =AC49*$X$49 -> 0 | I49: =AD49*$X$49 -> 0 | J49: =AE49*$X$49 -> 0 | K49: =AF49*$X$49 -> 0 | L49: =AG49*$X$49 -> 0 | M49: =AH49*$X$49 -> 0 | N49: =AI49*$X$49 -> 0 | O49: =AJ49*$X$49 -> 0 | ... T49: =AO49*$X$49 -> 0 | U49: 1 | V49: 2XL | W49: 1553x427x150 mm | X49: 1 | Y49: 4 | Z49: screw-ons | AB49: 450 | AP49: =AB49*SUM(AC49:AO49) -> 0
B50: Boat-3 | C50: #VALUE! | D50: D-BO3-W | F50: 5.55 | G50: =SUM(AC50:AO50)*F50 -> 0 | H50: =AC50*$X$50 -> 0 | I50: =AD50*$X$50 -> 0 | J50: =AE50*$X$50 -> 0 | K50: =AF50*$X$50 -> 0 | L50: =AG50*$X$50 -> 0 | M50: =AH50*$X$50 -> 0 | N50: =AI50*$X$50 -> 0 | O50: =AJ50*$X$50 -> 0 | ... T50: =AO50*$X$50 -> 0 | U50: 1 | V50: 2XL | W50: 1264x369x150 mm | X50: 1 | Y50: 2 | Z50: screw-ons | AB50: 400 | AP50: =AB50*SUM(AC50:AO50) -> 0
B51: Boat-4 | C51: #VALUE! | D51: D-BO4-W | F51: 3.42 | G51: =SUM(AC51:AO51)*F51 -> 0 | H51: =AC51*$X$51 -> 0 | I51: =AD51*$X$51 -> 0 | J51: =AE51*$X$51 -> 0 | K51: =AF51*$X$51 -> 0 | L51: =AG51*$X$51 -> 0 | M51: =AH51*$X$51 -> 0 | N51: =AI51*$X$51 -> 0 | O51: =AJ51*$X$51 -> 0 | ... T51: =AO51*$X$51 -> 0 | U51: 1 | V51: XL | W51: 981x315x120 mm | X51: 1 | Y51: 0 | Z51: screw-ons | AB51: 220 | AP51: =AB51*SUM(AC51:AO51) -> 0
B52: Boat-5 | C52: #VALUE! | D52: D-BO5-W | F52: 2.2 | G52: =SUM(AC52:AO52)*F52 -> 0 | H52: =AC52*$X$52 -> 0 | I52: =AD52*$X$52 -> 0 | J52: =AE52*$X$52 -> 0 | K52: =AF52*$X$52 -> 0 | L52: =AG52*$X$52 -> 0 | M52: =AH52*$X$52 -> 0 | N52: =AI52*$X$52 -> 0 | O52: =AJ52*$X$52 -> 0 | ... T52: =AO52*$X$52 -> 0 | U52: 1 | V52: L | W52: 755x265x110 mm | X52: 1 | Y52: 0 | Z52: screw-ons | AB52: 190 | AP52: =AB52*SUM(AC52:AO52) -> 0
B53: BOAT: THE WHOLE RANGE | C53: #VALUE! | D53: D-BO-W | F53: =SUM(F48:F52) -> 30.27 | G53: =SUM(AC53:AO53)*F53 -> 0 | H53: =AC53*$X$53 -> 0 | I53: =AD53*$X$53 -> 0 | J53: =AE53*$X$53 -> 0 | K53: =AF53*$X$53 -> 0 | L53: =AG53*$X$53 -> 0 | M53: =AH53*$X$53 -> 0 | N53: =AI53*$X$53 -> 0 | O53: =AJ53*$X$53 -> 0 | ... T53: =AO53*$X$53 -> 0 | U53: =SUM(U48:U52) -> 5 | V53: L-3XL | X53: 5 | Y53: =SUM(Y48:Y52) -> 14 | Z53: screw-ons | AB53: 1760 | AP53: =AB53*SUM(AC53:AO53) -> 0
B54: #VALUE! | V54: #VALUE! | AB54: CLAM
B55: Clam-1 | C55: #VALUE! | D55: D-CLA1-W | F55: 22.5 | G55: =SUM(AC55:AO55)*F55 -> 0 | H55: =AC55*$X$55 -> 0 | I55: =AD55*$X$55 -> 0 | J55: =AE55*$X$55 -> 0 | K55: =AF55*$X$55 -> 0 | L55: =AG55*$X$55 -> 0 | M55: =AH55*$X$55 -> 0 | N55: =AI55*$X$55 -> 0 | O55: =AJ55*$X$55 -> 0 | ... T55: =AO55*$X$55 -> 0 | U55: 1 | V55: 2XL | W55: 1501x1300x325 mm | X55: 1 | Y55: 16 | Z55: screw-ons | AB55: 660 | AP55: =AB55*SUM(AC55:AO55) -> 0
B56: Clam-2 | C56: #VALUE! | D56: D-CLA2-W | F56: 13.74 | G56: =SUM(AC56:AO56)*F56 -> 0 | H56: =AC56*$X$56 -> 0 | I56: =AD56*$X$56 -> 0 | J56: =AE56*$X$56 -> 0 | K56: =AF56*$X$56 -> 0 | L56: =AG56*$X$56 -> 0 | M56: =AH56*$X$56 -> 0 | N56: =AI56*$X$56 -> 0 | O56: =AJ56*$X$56 -> 0 | ... T56: =AO56*$X$56 -> 0 | U56: 1 | V56: XL | W56: 1155x1000x279 mm | X56: 1 | Y56: 12 | Z56: screw-ons | AB56: 500 | AP56: =AB56*SUM(AC56:AO56) -> 0
B57: Clam-3 | C57: #VALUE! | D57: D-CLA3-W | F57: 9.03 | G57: =SUM(AC57:AO57)*F57 -> 0 | H57: =AC57*$X$57 -> 0 | I57: =AD57*$X$57 -> 0 | J57: =AE57*$X$57 -> 0 | K57: =AF57*$X$57 -> 0 | L57: =AG57*$X$57 -> 0 | M57: =AH57*$X$57 -> 0 | N57: =AI57*$X$57 -> 0 | O57: =AJ57*$X$57 -> 0 | ... T57: =AO57*$X$57 -> 0 | U57: 1 | V57: XL | W57: 924x800x237 mm | X57: 1 | Y57: 12 | Z57: screw-ons | AB57: 350 | AP57: =AB57*SUM(AC57:AO57) -> 0
B58: Clam-4 | C58: #VALUE! | D58: D-CLA4-W | F58: 4.49 | G58: =SUM(AC58:AO58)*F58 -> 0 | H58: =AC58*$X$58 -> 0 | I58: =AD58*$X$58 -> 0 | J58: =AE58*$X$58 -> 0 | K58: =AF58*$X$58 -> 0 | L58: =AG58*$X$58 -> 0 | M58: =AH58*$X$58 -> 0 | N58: =AI58*$X$58 -> 0 | O58: =AJ58*$X$58 -> 0 | ... T58: =AO58*$X$58 -> 0 | U58: 1 | V58: L | W58: 693x600x149 mm | X58: 1 | Y58: 1 | Z58: screw-ons | AB58: 260 | AP58: =AB58*SUM(AC58:AO58) -> 0
B59: Clam-5 | C59: #VALUE! | D59: D-CLA5-W | F59: 2.2 | G59: =SUM(AC59:AO59)*F59 -> 0 | H59: =AC59*$X$59 -> 0 | I59: =AD59*$X$59 -> 0 | J59: =AE59*$X$59 -> 0 | K59: =AF59*$X$59 -> 0 | L59: =AG59*$X$59 -> 0 | M59: =AH59*$X$59 -> 0 | N59: =AI59*$X$59 -> 0 | O59: =AJ59*$X$59 -> 0 | ... T59: =AO59*$X$59 -> 0 | U59: 1 | V59: M | W59: 462x400x123 mm | X59: 1 | Y59: 0 | Z59: screw-ons | AB59: 170 | AP59: =AB59*SUM(AC59:AO59) -> 0
B60: CLAM: THE WHOLE RANGE | C60: #VALUE! | D60: D-CLA-W | F60: =SUM(F55:F59) -> 51.96 | G60: =SUM(AC60:AO60)*F60 -> 0 | H60: =AC60*$X$60 -> 0 | I60: =AD60*$X$60 -> 0 | J60: =AE60*$X$60 -> 0 | K60: =AF60*$X$60 -> 0 | L60: =AG60*$X$60 -> 0 | M60: =AH60*$X$60 -> 0 | N60: =AI60*$X$60 -> 0 | O60: =AJ60*$X$60 -> 0 | ... T60: =AO60*$X$60 -> 0 | U60: =SUM(U55:U59) -> 5 | V60: M-2XL | X60: 5 | Y60: =SUM(Y55:Y59) -> 41 | Z60: screw-ons | AB60: 1940 | AP60: =AB60*SUM(AC60:AO60) -> 0
B61: #VALUE! | V61: #VALUE! | AB61: NOSE
B62: Nose-1 | C62: #VALUE! | D62: D-NO1-W | F62: 16.63 | G62: =SUM(AC62:AO62)*F62 -> 0 | H62: =AC62*$X$62 -> 0 | I62: =AD62*$X$62 -> 0 | J62: =AE62*$X$62 -> 0 | K62: =AF62*$X$62 -> 0 | L62: =AG62*$X$62 -> 0 | M62: =AH62*$X$62 -> 0 | N62: =AI62*$X$62 -> 0 | O62: =AJ62*$X$62 -> 0 | ... T62: =AO62*$X$62 -> 0 | U62: 1 | V62: XL | W62: 115x1000x397 mm | X62: 1 | Y62: 11 | Z62: screw-ons | AB62: 550 | AP62: =AB62*SUM(AC62:AO62) -> 0
B63: Nose-2 | C63: #VALUE! | D63: D-NO2-W | F63: 11.81 | G63: =SUM(AC63:AO63)*F63 -> 0 | H63: =AC63*$X$63 -> 0 | I63: =AD63*$X$63 -> 0 | J63: =AE63*$X$63 -> 0 | K63: =AF63*$X$63 -> 0 | L63: =AG63*$X$63 -> 0 | M63: =AH63*$X$63 -> 0 | N63: =AI63*$X$63 -> 0 | O63: =AJ63*$X$63 -> 0 | ... T63: =AO63*$X$63 -> 0 | U63: 1 | V63: XL | W63: 924x800x383 mm | X63: 1 | Y63: 11 | Z63: screw-ons | AB63: 420 | AP63: =AB63*SUM(AC63:AO63) -> 0
B64: Nose-3 | C64: #VALUE! | D64: D-NO3-W | F64: 7.38 | G64: =SUM(AC64:AO64)*F64 -> 0 | H64: =AC64*$X$64 -> 0 | I64: =AD64*$X$64 -> 0 | J64: =AE64*$X$64 -> 0 | K64: =AF64*$X$64 -> 0 | L64: =AG64*$X$64 -> 0 | M64: =AH64*$X$64 -> 0 | N64: =AI64*$X$64 -> 0 | O64: =AJ64*$X$64 -> 0 | ... T64: =AO64*$X$64 -> 0 | U64: 1 | V64: L | W64: 693x600x312 mm | X64: 1 | Y64: 10 | Z64: screw-ons | AB64: 270 | AP64: =AB64*SUM(AC64:AO64) -> 0
B65: Nose-4 | C65: #VALUE! | D65: D-NO4-W | F65: 4.38 | G65: =SUM(AC65:AO65)*F65 -> 0 | H65: =AC65*$X$65 -> 0 | I65: =AD65*$X$65 -> 0 | J65: =AE65*$X$65 -> 0 | K65: =AF65*$X$65 -> 0 | L65: =AG65*$X$65 -> 0 | M65: =AH65*$X$65 -> 0 | N65: =AI65*$X$65 -> 0 | O65: =AJ65*$X$65 -> 0 | ... T65: =AO65*$X$65 -> 0 | U65: 1 | V65: M | W65: 462x400x309 mm | X65: 1 | Y65: 0 | Z65: screw-ons | AB65: 210 | AP65: =AB65*SUM(AC65:AO65) -> 0
B66: NOSE: THE WHOLE RANGE | C66: #VALUE! | D66: D-NO-W | F66: =SUM(F62:F65) -> 40.2 | G66: =SUM(AC66:AO66)*F66 -> 0 | H66: =AC66*$X$66 -> 0 | I66: =AD66*$X$66 -> 0 | J66: =AE66*$X$66 -> 0 | K66: =AF66*$X$66 -> 0 | L66: =AG66*$X$66 -> 0 | M66: =AH66*$X$66 -> 0 | N66: =AI66*$X$66 -> 0 | O66: =AJ66*$X$66 -> 0 | ... T66: =AO66*$X$66 -> 0 | U66: =SUM(U62:U65) -> 4 | V66: M-XL | X66: 4 | Y66: =SUM(Y62:Y65) -> 32 | Z66: screw-ons | AB66: 1450 | AP66: =AB66*SUM(AC66:AO66) -> 0
B67: #VALUE! | G67: =SUM(AC67:AO67)*F67 -> 0 | W67: #VALUE! | AB67: 90'S
B68: 90's-1 | C68: #VALUE! | D68: D-901-W | F68: 14.2 | G68: =SUM(AC68:AO68)*F68 -> 0 | H68: =AC68*$X$68 -> 0 | I68: =AD68*$X$68 -> 0 | J68: =AE68*$X$68 -> 0 | K68: =AF68*$X$68 -> 0 | L68: =AG68*$X$68 -> 0 | M68: =AH68*$X$68 -> 0 | N68: =AI68*$X$68 -> 0 | O68: =AJ68*$X$68 -> 0 | ... T68: =AO68*$X$68 -> 0 | U68: 1 | V68: 3XL | W68: 2000x866x317 mm | X68: 1 | Y68: 12 | Z68: screw-ons | AB68: 560 | AP68: =AB68*SUM(AC68:AO68) -> 0
B69: 90's-2 | C69: #VALUE! | D69: D-902-W | F69: 14.2 | G69: =SUM(AC69:AO69)*F69 -> 0 | H69: =AC69*$X$69 -> 0 | I69: =AD69*$X$69 -> 0 | J69: =AE69*$X$69 -> 0 | K69: =AF69*$X$69 -> 0 | L69: =AG69*$X$69 -> 0 | M69: =AH69*$X$69 -> 0 | N69: =AI69*$X$69 -> 0 | O69: =AJ69*$X$69 -> 0 | ... T69: =AO69*$X$69 -> 0 | U69: 1 | V69: 3XL | W69: 2000x866x317 mm | X69: 1 | Y69: 12 | Z69: screw-ons | AB69: 560 | AP69: =AB69*SUM(AC69:AO69) -> 0
B70: 90's-3 | C70: #VALUE! | D70: D-903-W | F70: 7.8 | G70: =SUM(AC70:AO70)*F70 -> 0 | H70: =AC70*$X$70 -> 0 | I70: =AD70*$X$70 -> 0 | J70: =AE70*$X$70 -> 0 | K70: =AF70*$X$70 -> 0 | L70: =AG70*$X$70 -> 0 | M70: =AH70*$X$70 -> 0 | N70: =AI70*$X$70 -> 0 | O70: =AJ70*$X$70 -> 0 | ... T70: =AO70*$X$70 -> 0 | U70: 1 | V70: 2XL | W70: 1500x650x238 mm | X70: 1 | Y70: 3 | Z70: screw-ons | AB70: 450 | AP70: =AB70*SUM(AC70:AO70) -> 0
B71: 90's-4 | C71: #VALUE! | D71: D-904-W | F71: 7.8 | G71: =SUM(AC71:AO71)*F71 -> 0 | H71: =AC71*$X$71 -> 0 | I71: =AD71*$X$71 -> 0 | J71: =AE71*$X$71 -> 0 | K71: =AF71*$X$71 -> 0 | L71: =AG71*$X$71 -> 0 | M71: =AH71*$X$71 -> 0 | N71: =AI71*$X$71 -> 0 | O71: =AJ71*$X$71 -> 0 | ... T71: =AO71*$X$71 -> 0 | U71: 1 | V71: 2XL | W71: 1500x650x238 mm | X71: 1 | Y71: 3 | Z71: screw-ons | AB71: 450 | AP71: =AB71*SUM(AC71:AO71) -> 0
B72: 90's-5 | C72: #VALUE! | D72: D-905-W | F72: 3.32 | G72: =SUM(AC72:AO72)*F72 -> 0 | H72: =AC72*$X$72 -> 0 | I72: =AD72*$X$72 -> 0 | J72: =AE72*$X$72 -> 0 | K72: =AF72*$X$72 -> 0 | L72: =AG72*$X$72 -> 0 | M72: =AH72*$X$72 -> 0 | N72: =AI72*$X$72 -> 0 | O72: =AJ72*$X$72 -> 0 | ... T72: =AO72*$X$72 -> 0 | U72: 1 | V72: XL | W72: 1000x433x159 mm | X72: 1 | Y72: 1 | Z72: screw-ons | AB72: 220 | AP72: =AB72*SUM(AC72:AO72) -> 0
B73: 90's-6 | C73: #VALUE! | D73: D-906-W | F73: 3.32 | G73: =SUM(AC73:AO73)*F73 -> 0 | H73: =AC73*$X$73 -> 0 | I73: =AD73*$X$73 -> 0 | J73: =AE73*$X$73 -> 0 | K73: =AF73*$X$73 -> 0 | L73: =AG73*$X$73 -> 0 | M73: =AH73*$X$73 -> 0 | N73: =AI73*$X$73 -> 0 | O73: =AJ73*$X$73 -> 0 | ... T73: =AO73*$X$73 -> 0 | U73: 1 | V73: XL | W73: 1000x433x159 mm | X73: 1 | Y73: 1 | Z73: screw-ons | AB73: 220 | AP73: =AB73*SUM(AC73:AO73) -> 0
B74: 90's-7 | C74: #VALUE! | D74: D-907-W | F74: 1.8 | G74: =SUM(AC74:AO74)*F74 -> 0 | H74: =AC74*$X$74 -> 0 | I74: =AD74*$X$74 -> 0 | J74: =AE74*$X$74 -> 0 | K74: =AF74*$X$74 -> 0 | L74: =AG74*$X$74 -> 0 | M74: =AH74*$X$74 -> 0 | N74: =AI74*$X$74 -> 0 | O74: =AJ74*$X$74 -> 0 | ... T74: =AO74*$X$74 -> 0 | U74: 1 | V74: L | W74: 750x325x119 mm | X74: 1 | Y74: 0 | Z74: screw-ons | AB74: 180 | AP74: =AB74*SUM(AC74:AO74) -> 0
B75: 90's-8 | C75: #VALUE! | D75: D-908-W | F75: 1.8 | G75: =SUM(AC75:AO75)*F75 -> 0 | H75: =AC75*$X$75 -> 0 | I75: =AD75*$X$75 -> 0 | J75: =AE75*$X$75 -> 0 | K75: =AF75*$X$75 -> 0 | L75: =AG75*$X$75 -> 0 | M75: =AH75*$X$75 -> 0 | N75: =AI75*$X$75 -> 0 | O75: =AJ75*$X$75 -> 0 | ... T75: =AO75*$X$75 -> 0 | U75: 1 | V75: L | W75: 750x325x119 mm | X75: 1 | Y75: 0 | Z75: screw-ons | AB75: 180 | AP75: =AB75*SUM(AC75:AO75) -> 0
B76: 90'S: THE WHOLE RANGE | C76: #VALUE! | D76: D-90-W | F76: =SUM(F68:F75) -> 54.24 | G76: =SUM(AC76:AO76)*F76 -> 0 | H76: =AC76*$X$76 -> 0 | I76: =AD76*$X$76 -> 0 | J76: =AE76*$X$76 -> 0 | K76: =AF76*$X$76 -> 0 | L76: =AG76*$X$76 -> 0 | M76: =AH76*$X$76 -> 0 | N76: =AI76*$X$76 -> 0 | O76: =AJ76*$X$76 -> 0 | ... T76: =AO76*$X$76 -> 0 | U76: =SUM(U68:U75) -> 8 | V76: L-3XL | X76: 8 | Y76: =SUM(Y68:Y75) -> 32 | Z76: screw-ons | AB76: 2820 | AP76: =AB76*SUM(AC76:AO76) -> 0
B77: #VALUE! | G77: =SUM(AC77:AO77)*F77 -> 0 | V77: #VALUE! | AB77: BLADE
B78: Blade-1 | C78: #VALUE! | D78: D-BL1-W | F78: 12.5 | G78: =SUM(AC78:AO78)*F78 -> 0 | H78: =AC78*$X$78 -> 0 | I78: =AD78*$X$78 -> 0 | J78: =AE78*$X$78 -> 0 | K78: =AF78*$X$78 -> 0 | L78: =AG78*$X$78 -> 0 | M78: =AH78*$X$78 -> 0 | N78: =AI78*$X$78 -> 0 | O78: =AJ78*$X$78 -> 0 | ... T78: =AO78*$X$78 -> 0 | U78: 1 | V78: 3XL | W78: 1800x715x188 mm | X78: 1 | Y78: 13 | Z78: screw-ons | AB78: 490 | AP78: =AB78*SUM(AC78:AO78) -> 0
B79: Blade-2 | C79: #VALUE! | D79: D-BL2-W | F79: 7.9 | G79: =SUM(AC79:AO79)*F79 -> 0 | H79: =AC79*$X$79 -> 0 | I79: =AD79*$X$79 -> 0 | J79: =AE79*$X$79 -> 0 | K79: =AF79*$X$79 -> 0 | L79: =AG79*$X$79 -> 0 | M79: =AH79*$X$79 -> 0 | N79: =AI79*$X$79 -> 0 | O79: =AJ79*$X$79 -> 0 | ... T79: =AO79*$X$79 -> 0 | U79: 1 | V79: 2XL | W79: 1500x592x155 mm | X79: 1 | Y79: 8 | Z79: screw-ons | AB79: 420 | AP79: =AB79*SUM(AC79:AO79) -> 0
B80: Blade-3 | C80: #VALUE! | D80: D-BL3-W | F80: 4.6 | G80: =SUM(AC80:AO80)*F80 -> 0 | H80: =AC80*$X$80 -> 0 | I80: =AD80*$X$80 -> 0 | J80: =AE80*$X$80 -> 0 | K80: =AF80*$X$80 -> 0 | L80: =AG80*$X$80 -> 0 | M80: =AH80*$X$80 -> 0 | N80: =AI80*$X$80 -> 0 | O80: =AJ80*$X$80 -> 0 | ... T80: =AO80*$X$80 -> 0 | U80: 1 | V80: XL | W80: 1200x466x122 mm | X80: 1 | Y80: 3 | Z80: screw-ons | AB80: 370 | AP80: =AB80*SUM(AC80:AO80) -> 0
B81: Blade-4 | C81: #VALUE! | D81: D-BL4-W | F81: 1.9 | G81: =SUM(AC81:AO81)*F81 -> 0 | H81: =AC81*$X$81 -> 0 | I81: =AD81*$X$81 -> 0 | J81: =AE81*$X$81 -> 0 | K81: =AF81*$X$81 -> 0 | L81: =AG81*$X$81 -> 0 | M81: =AH81*$X$81 -> 0 | N81: =AI81*$X$81 -> 0 | O81: =AJ81*$X$81 -> 0 | ... T81: =AO81*$X$81 -> 0 | U81: 1 | V81: L | W81: 800x305x80 mm | X81: 1 | Y81: 0 | Z81: screw-ons | AB81: 180 | AP81: =AB81*SUM(AC81:AO81) -> 0
B82: BLADE: THE WHOLE RANGE | C82: #VALUE! | D82: D-BL-W | F82: =SUM(F78:F81) -> 26.9 | G82: =SUM(AC82:AO82)*F82 -> 0 | H82: =AC82*$X$82 -> 0 | I82: =AD82*$X$82 -> 0 | J82: =AE82*$X$82 -> 0 | K82: =AF82*$X$82 -> 0 | L82: =AG82*$X$82 -> 0 | M82: =AH82*$X$82 -> 0 | N82: =AI82*$X$82 -> 0 | O82: =AJ82*$X$82 -> 0 | ... T82: =AO82*$X$82 -> 0 | U82: =SUM(U78:U81) -> 4 | V82: L-3XL | X82: 4 | Y82: =SUM(Y78:Y81) -> 24 | Z82: screw-ons | AB82: 1460 | AP82: =AB82*SUM(AC82:AO82) -> 0
B83: #VALUE! | G83: =SUM(AC83:AO83)*F83 -> 0 | V83: #VALUE! | AB83: ICEBERG
B84: Iceberg-1 | C84: #VALUE! | D84: D-ICE1-W | F84: 9.4 | G84: =SUM(AC84:AO84)*F84 -> 0 | H84: =AC84*$X$84 -> 0 | I84: =AD84*$X$84 -> 0 | J84: =AE84*$X$84 -> 0 | K84: =AF84*$X$84 -> 0 | L84: =AG84*$X$84 -> 0 | M84: =AH84*$X$84 -> 0 | N84: =AI84*$X$84 -> 0 | O84: =AJ84*$X$84 -> 0 | ... T84: =AO84*$X$84 -> 0 | U84: 1 | V84: XL | W84: 1100x400x390 mm | X84: 1 | Y84: 8 | Z84: screw-ons | AB84: 440 | AP84: =AB84*SUM(AC84:AO84) -> 0
B85: Iceberg-2 | C85: #VALUE! | D85: D-ICE2-W | F85: 5.6 | G85: =SUM(AC85:AO85)*F85 -> 0 | H85: =AC85*$X$85 -> 0 | I85: =AD85*$X$85 -> 0 | J85: =AE85*$X$85 -> 0 | K85: =AF85*$X$85 -> 0 | L85: =AG85*$X$85 -> 0 | M85: =AH85*$X$85 -> 0 | N85: =AI85*$X$85 -> 0 | O85: =AJ85*$X$85 -> 0 | ... T85: =AO85*$X$85 -> 0 | U85: 1 | V85: L | W85: 800x300x309 mm | X85: 1 | Y85: 5 | Z85: screw-ons | AB85: 260 | AP85: =AB85*SUM(AC85:AO85) -> 0
B86: Iceberg-3 | C86: #VALUE! | D86: D-ICE3-W | F86: 3.7 | G86: =SUM(AC86:AO86)*F86 -> 0 | H86: =AC86*$X$86 -> 0 | I86: =AD86*$X$86 -> 0 | J86: =AE86*$X$86 -> 0 | K86: =AF86*$X$86 -> 0 | L86: =AG86*$X$86 -> 0 | M86: =AH86*$X$86 -> 0 | N86: =AI86*$X$86 -> 0 | O86: =AJ86*$X$86 -> 0 | ... T86: =AO86*$X$86 -> 0 | U86: 1 | V86: L | W86: 750x220x211 mm | X86: 1 | Y86: 0 | Z86: screw-ons | AB86: 210 | AP86: =AB86*SUM(AC86:AO86) -> 0
B87: Iceberg-4 | C87: #VALUE! | D87: D-ICE4-W | F87: 5.4 | G87: =SUM(AC87:AO87)*F87 -> 0 | H87: =AC87*$X$87 -> 0 | I87: =AD87*$X$87 -> 0 | J87: =AE87*$X$87 -> 0 | K87: =AF87*$X$87 -> 0 | L87: =AG87*$X$87 -> 0 | M87: =AH87*$X$87 -> 0 | N87: =AI87*$X$87 -> 0 | O87: =AJ87*$X$87 -> 0 | ... T87: =AO87*$X$87 -> 0 | U87: 1 | V87: L | W87: 750x350x284 mm | X87: 1 | Y87: 4 | Z87: screw-ons | AB87: 220 | AP87: =AB87*SUM(AC87:AO87) -> 0
B88: Iceberg-5 | C88: #VALUE! | D88: D-ICE5-W | F88: 2.5 | G88: =SUM(AC88:AO88)*F88 -> 0 | H88: =AC88*$X$88 -> 0 | I88: =AD88*$X$88 -> 0 | J88: =AE88*$X$88 -> 0 | K88: =AF88*$X$88 -> 0 | L88: =AG88*$X$88 -> 0 | M88: =AH88*$X$88 -> 0 | N88: =AI88*$X$88 -> 0 | O88: =AJ88*$X$88 -> 0 | ... T88: =AO88*$X$88 -> 0 | U88: 1 | V88: M | W88: 500x240x211 mm | X88: 1 | Y88: 0 | Z88: screw-ons | AB88: 180 | AP88: =AB88*SUM(AC88:AO88) -> 0
B89: ICEBERG: THE WHOLE RANGE | C89: #VALUE! | D89: D-ICE-W | F89: =SUM(F84:F88) -> 26.6 | G89: =SUM(AC89:AO89)*F89 -> 0 | H89: =AC89*$X$89 -> 0 | I89: =AD89*$X$89 -> 0 | J89: =AE89*$X$89 -> 0 | K89: =AF89*$X$89 -> 0 | L89: =AG89*$X$89 -> 0 | M89: =AH89*$X$89 -> 0 | N89: =AI89*$X$89 -> 0 | O89: =AJ89*$X$89 -> 0 | ... T89: =AO89*$X$89 -> 0 | U89: =SUM(U84:U88) -> 5 | V89: M-XL | X89: 5 | Y89: =SUM(Y84:Y88) -> 17 | Z89: screw-ons | AB89: 1310 | AP89: =AB89*SUM(AC89:AO89) -> 0
B90: #VALUE! | G90: =SUM(AC90:AO90)*F90 -> 0 | V90: #VALUE! | AB90: BAT
B91: Bat-11 Bat-1L Bat-1R | C91: #VALUE! | D91: D-BAT1-W | F91: 12.6 | G91: =SUM(AC91:AO91)*F91 -> 0 | H91: =AC91*$X$91 -> 0 | I91: =AD91*$X$91 -> 0 | J91: =AE91*$X$91 -> 0 | K91: =AF91*$X$91 -> 0 | L91: =AG91*$X$91 -> 0 | M91: =AH91*$X$91 -> 0 | N91: =AI91*$X$91 -> 0 | O91: =AJ91*$X$91 -> 0 | ... T91: =AO91*$X$91 -> 0 | U91: 3 | V91: XL | W91: 1000x800x230 mm | X91: 3 | Y91: 4 | Z91: screw-ons | AB91: 580 | AP91: =AB91*SUM(AC91:AO91) -> 0
B92: Bat-21 Bat-2L Bat-2R | C92: #VALUE! | D92: D-BAT2-W | F92: 13.4 | G92: =SUM(AC92:AO92)*F92 -> 0 | H92: =AC92*$X$92 -> 0 | I92: =AD92*$X$92 -> 0 | J92: =AE92*$X$92 -> 0 | K92: =AF92*$X$92 -> 0 | L92: =AG92*$X$92 -> 0 | M92: =AH92*$X$92 -> 0 | N92: =AI92*$X$92 -> 0 | O92: =AJ92*$X$92 -> 0 | ... T92: =AO92*$X$92 -> 0 | U92: 3 | V92: XL | W92: 1000x800x300 mm | X92: 3 | Y92: 3 | Z92: screw-ons | AB92: 580 | AP92: =AB92*SUM(AC92:AO92) -> 0
B93: Bat-31 Bat-32 | C93: #VALUE! | D93: D-BAT3-W | F93: 6.5 | G93: =SUM(AC93:AO93)*F93 -> 0 | H93: =AC93*$X$93 -> 0 | I93: =AD93*$X$93 -> 0 | J93: =AE93*$X$93 -> 0 | K93: =AF93*$X$93 -> 0 | L93: =AG93*$X$93 -> 0 | M93: =AH93*$X$93 -> 0 | N93: =AI93*$X$93 -> 0 | O93: =AJ93*$X$93 -> 0 | ... T93: =AO93*$X$93 -> 0 | U93: 2 | V93: L | W93: 800x610x180 mm | X93: 2 | Y93: 3 | Z93: screw-ons | AB93: 420 | AP93: =AB93*SUM(AC93:AO93) -> 0
B94: Bat-41 Bat-42 | C94: #VALUE! | D94: D-BAT4-W | F94: 8 | G94: =SUM(AC94:AO94)*F94 -> 0 | H94: =AC94*$X$94 -> 0 | I94: =AD94*$X$94 -> 0 | J94: =AE94*$X$94 -> 0 | K94: =AF94*$X$94 -> 0 | L94: =AG94*$X$94 -> 0 | M94: =AH94*$X$94 -> 0 | N94: =AI94*$X$94 -> 0 | O94: =AJ94*$X$94 -> 0 | ... T94: =AO94*$X$94 -> 0 | U94: 2 | V94: L | W94: 800x700x260 mm | X94: 2 | Y94: 3 | Z94: screw-ons | AB94: 450 | AP94: =AB94*SUM(AC94:AO94) -> 0
B95: ICEBERG: THE WHOLE RANGE | C95: #VALUE! | D95: D-BAT-W | F95: =SUM(F91:F94) -> 40.5 | G95: =SUM(AC95:AO95)*F95 -> 0 | H95: =AC95*$X$95 -> 0 | I95: =AD95*$X$95 -> 0 | J95: =AE95*$X$95 -> 0 | K95: =AF95*$X$95 -> 0 | L95: =AG95*$X$95 -> 0 | M95: =AH95*$X$95 -> 0 | N95: =AI95*$X$95 -> 0 | O95: =AJ95*$X$95 -> 0 | ... T95: =AO95*$X$95 -> 0 | U95: =SUM(U91:U94) -> 10 | V95: L-XL | X95: 10 | Y95: =SUM(Y91:Y94) -> 13 | Z95: screw-ons | AB95: 2030 | AP95: =AB95*SUM(AC95:AO95) -> 0
B96: #VALUE! | G96: =SUM(AC96:AO96)*F96 -> 0 | AB96: RAMPAGE
B97: Rampage 1.1 | C97: #VALUE! | D97: D-RAM1-W | F97: 15 | G97: =SUM(AC97:AO97)*F97 -> 0 | H97: =AC97*$X97 -> 0 | I97: =AD97*$X97 -> 0 | J97: =AE97*$X97 -> 0 | K97: =AF97*$X97 -> 0 | L97: =AG97*$X97 -> 0 | M97: =AH97*$X97 -> 0 | N97: =AI97*$X97 -> 0 | O97: =AJ97*$X97 -> 0 | ... T97: =AO97*$X97 -> 0 | U97: 1 | V97: 3XL | W97: 198x87x12 cm | X97: 1 | Y97: 0 | Z97: screw-ons | AB97: 550 | AP97: =AB97*SUM(AC97:AO97) -> 0
D98: D-RAM1-W-MC | E98: Dual tex. | F98: 15 | G98: =SUM(AC98:AO98)*F98 -> 0 | H98: =AC98*$X98 -> 0 | I98: =AD98*$X98 -> 0 | J98: =AE98*$X98 -> 0 | K98: =AF98*$X98 -> 0 | L98: =AG98*$X98 -> 0 | M98: =AH98*$X98 -> 0 | N98: =AI98*$X98 -> 0 | O98: =AJ98*$X98 -> 0 | ... T98: =AO98*$X98 -> 0 | U98: 1 | V98: 3XL | W98: 198x87x12 cm | X98: 1 | Y98: 0 | Z98: screw-ons | AB98: 660 | AP98: =AB98*SUM(AC98:AO98) -> 0
B99: Rampage 1.2 | C99: #VALUE! | D99: D-RAM2-W | F99: 15.5 | G99: =SUM(AC99:AO99)*F99 -> 0 | H99: =AC99*$X99 -> 0 | I99: =AD99*$X99 -> 0 | J99: =AE99*$X99 -> 0 | K99: =AF99*$X99 -> 0 | L99: =AG99*$X99 -> 0 | M99: =AH99*$X99 -> 0 | N99: =AI99*$X99 -> 0 | O99: =AJ99*$X99 -> 0 | ... T99: =AO99*$X99 -> 0 | U99: 1 | V99: 3XL | W99: 198x87x16 cm | X99: 1 | Y99: 0 | Z99: screw-ons | AB99: 560 | AP99: =AB99*SUM(AC99:AO99) -> 0
D100: D-RAM2-W-MC | E100: Dual tex. | F100: 15.5 | G100: =SUM(AC100:AO100)*F100 -> 0 | H100: =AC100*$X100 -> 0 | I100: =AD100*$X100 -> 0 | J100: =AE100*$X100 -> 0 | K100: =AF100*$X100 -> 0 | L100: =AG100*$X100 -> 0 | M100: =AH100*$X100 -> 0 | N100: =AI100*$X100 -> 0 | O100: =AJ100*$X100 -> 0 | ... T100: =AO100*$X100 -> 0 | U100: 1 | V100: 3XL | W100: 198x87x16 cm | X100: 1 | Y100: 0 | Z100: screw-ons | AB100: 670 | AP100: =AB100*SUM(AC100:AO100) -> 0
B101: Rampage 1.3 | C101: #VALUE! | D101: D-RAM3-W | F101: 17 | G101: =SUM(AC101:AO101)*F101 -> 0 | H101: =AC101*$X101 -> 0 | I101: =AD101*$X101 -> 0 | J101: =AE101*$X101 -> 0 | K101: =AF101*$X101 -> 0 | L101: =AG101*$X101 -> 0 | M101: =AH101*$X101 -> 0 | N101: =AI101*$X101 -> 0 | O101: =AJ101*$X101 -> 0 | ... T101: =AO101*$X101 -> 0 | U101: 1 | V101: 3XL | W101: 198x87x20 cm | X101: 1 | Y101: 0 | Z101: screw-ons | AB101: 570 | AP101: =AB101*SUM(AC101:AO101) -> 0
...

Sheet DELTA PU
B2: #VALUE! | V2: DELTA PU
W3: Sum Price without VAT | X3: =SUM(AH$11:AH$1048576) -> 0 | Y3: EUR
W4: Sum SETS | X4: =SUM(X11:AG37)+SUM(X38:AG38)*COUNTIF(D11:D35, "*") -> 0
W5: Sum of pcs | X5: =AH8 -> 0
W6: SUM | X6: =SUM(F$11:F$1048576) -> 0 | Y6: kg | AH6: SUM of pcs.
W8: Sum pcs. by colour: | X8: =SUM(G:G) -> 0 | Y8: =SUM(H:H) -> 0 | Z8: =SUM(I:I) -> 0 | AA8: =SUM(J:J) -> 0 | AB8: =SUM(K:K) -> 0 | AC8: =SUM(L:L) -> 0 | AD8: =SUM(M:M) -> 0 | AE8: =SUM(N:N) -> 0 | AF8: =SUM(O:O) -> 0 | AG8: =SUM(P:P) -> 0 | AH8: =SUM(X8:AG8) -> 0
B9: NAME | D9: ID | E9: kg | F9: sum kg | G9: BLACK RAL 9005 | H9: WHITE | I9: RED RAL 3000 | J9: YELLOW RAL 1018 | K9: BLUE RAL 5015 | L9: GREEN RAL 6018 | M9: PINK RAL 4003 | N9: PURPLE S4050-R60B/M | O9: MINT RAL6027 | P9: BROWN | Q9: norma | R9: NOTES | S9: SIZE | T9: DIMENSIONS | U9: PCS. IN SET | V9: FIXING | W9: PRICE WITHOUT VAT | X9: BLACK RAL 9005 | Y9: WHITE | Z9: RED RAL 3000 | AA9: YELLOW RAL 1018 | AB9: BLUE RAL 5015 | AC9: GREEN RAL 6018 | AD9: PINK RAL 4003 | AE9: PURPLE nS4050-R60B/M | AF9: MINT RAL 6027 | AG9: BROWN RAL 8003 | AH9: Sum
W10: BEGINNING
B11: Beginning-PU-1 | C11: #VALUE! | D11: D-BEG1-PU | E11: 0.15 | F11: =SUM(X11:AG11)*E11 -> 0 | G11: =X11*$U$11 -> 0 | H11: =Y11*$U$11 -> 0 | I11: =Z11*$U$11 -> 0 | J11: =AA11*$U$11 -> 0 | K11: =AB11*$U$11 -> 0 | L11: =AC11*$U$11 -> 0 | M11: =AD11*$U$11 -> 0 | N11: =AE11*$U$11 -> 0 | ... P11: =AG11*$U$11 -> 0 | Q11: 1 | S11: XS-S | T11: 9x 5x2x1 cm, 5x2x2 cm, 6x3x1 cm | U11: 11 | V11: screw-ons | W11: 77 | AH11: =W11*SUM(X11:AG11) -> 0
B12: Beginning-PU-2 | C12: #VALUE! | D12: D-BEG2-PU | E12: 0.2 | F12: =SUM(X12:AG12)*E12 -> 0 | G12: =X12*$U$12 -> 0 | H12: =Y12*$U$12 -> 0 | I12: =Z12*$U$12 -> 0 | J12: =AA12*$U$12 -> 0 | K12: =AB12*$U$12 -> 0 | L12: =AC12*$U$12 -> 0 | M12: =AD12*$U$12 -> 0 | N12: =AE12*$U$12 -> 0 | ... P12: =AG12*$U$12 -> 0 | Q12: 1 | S12: S-M | T12: 3x 8x3x1 cm, 3x 8x2x1 cm, 8x3x2 cm, 9x3x1 cm | U12: 8 | V12: screw-ons | W12: 77 | AH12: =W12*SUM(X12:AG12) -> 0
B13: Beginning-PU-3 | C13: #VALUE! | D13: D-BEG3-PU | E13: 0.45 | F13: =SUM(X13:AG13)*E13 -> 0 | G13: =X13*$U$13 -> 0 | H13: =Y13*$U$13 -> 0 | I13: =Z13*$U$13 -> 0 | J13: =AA13*$U$13 -> 0 | K13: =AB13*$U$13 -> 0 | L13: =AC13*$U$13 -> 0 | M13: =AD13*$U$13 -> 0 | N13: =AE13*$U$13 -> 0 | ... P13: =AG13*$U$13 -> 0 | Q13: 1 | S13: M | T13: 10x3x1 cm, 4x 10x3x2 cm, 10x3x3 cm, 2x 10x4x2 cm, 10x4x1 cm, 11x4x1 cm | U13: 10 | V13: screw-ons | W13: 89 | AH13: =W13*SUM(X13:AG13) -> 0
B14: Beginning-PU-4 | C14: #VALUE! | D14: D-BEG4-PU | E14: 0.8 | F14: =SUM(X14:AG14)*E14 -> 0 | G14: =X14*$U$14 -> 0 | H14: =Y14*$U$14 -> 0 | I14: =Z14*$U$14 -> 0 | J14: =AA14*$U$14 -> 0 | K14: =AB14*$U$14 -> 0 | L14: =AC14*$U$14 -> 0 | M14: =AD14*$U$14 -> 0 | N14: =AE14*$U$14 -> 0 | ... P14: =AG14*$U$14 -> 0 | Q14: 1 | S14: M-L | T14: 3x 13x6x2 cm, 2x 13x5x2 cm, 13x6x1 cm, 2x 13x5x1 cm, 14x6x1 cm, 14x6x2 cm | U14: 10 | V14: screw-ons | W14: 100 | AH14: =W14*SUM(X14:AG14) -> 0
B15: Beginning-PU-5 | C15: #VALUE! | D15: D-BEG5-PU | E15: 0.95 | F15: =SUM(X15:AG15)*E15 -> 0 | G15: =X15*$U$15 -> 0 | H15: =Y15*$U$15 -> 0 | I15: =Z15*$U$15 -> 0 | J15: =AA15*$U$15 -> 0 | K15: =AB15*$U$15 -> 0 | L15: =AC15*$U$15 -> 0 | M15: =AD15*$U$15 -> 0 | N15: =AE15*$U$15 -> 0 | ... P15: =AG15*$U$15 -> 0 | Q15: 1 | S15: M-L | T15: 2x 13x6x2 cm, 13x5x1 cm, 13x7x2 cm, 14x4x2 cm, 16x6x1 cm, 16x6x2 cm, 16x8x3 cm | U15: 8 | V15: screw-ons | W15: 103 | AH15: =W15*SUM(X15:AG15) -> 0
B16: Beginning-PU-6 | C16: #VALUE! | D16: D-BEG6-PU | E16: 0.95 | F16: =SUM(X16:AG16)*E16 -> 0 | G16: =X16*$U$16 -> 0 | H16: =Y16*$U$16 -> 0 | I16: =Z16*$U$16 -> 0 | J16: =AA16*$U$16 -> 0 | K16: =AB16*$U$16 -> 0 | L16: =AC16*$U$16 -> 0 | M16: =AD16*$U$16 -> 0 | N16: =AE16*$U$16 -> 0 | ... P16: =AG16*$U$16 -> 0 | Q16: 1 | S16: L | T16: 18x9x3 cm,21x7x2 cm, 21x8x1 cm,21x7x3 cm, 21x8x1 cm, 2x 21x8x2 cm | U16: 7 | V16: screw-ons | W16: 103 | AH16: =W16*SUM(X16:AG16) -> 0
B17: Beginning-PU-8 | C17: #VALUE! | D17: D-BEG8-PU | E17: 1 | F17: =SUM(X17:AG17)*E17 -> 0 | G17: =X17*$U$17 -> 0 | H17: =Y17*$U$17 -> 0 | I17: =Z17*$U$17 -> 0 | J17: =AA17*$U$17 -> 0 | K17: =AB17*$U$17 -> 0 | L17: =AC17*$U$17 -> 0 | M17: =AD17*$U$17 -> 0 | N17: =AE17*$U$17 -> 0 | ... P17: =AG17*$U$17 -> 0 | Q17: 1 | S17: L-XL | T17: 16x3x3 cm, 16x3x1 cm, 15x4x2 cm, 19x3x2 cm, 21x5x4 cm, 29x4x4 cm | U17: 6 | V17: screw-ons | W17: 103 | AH17: =W17*SUM(X17:AG17) -> 0
B18: Beginning-PU-9 | C18: #VALUE! | D18: D-BEG9-PU | E18: 1.5 | F18: =SUM(X18:AG18)*E18 -> 0 | G18: =X18*$U$18 -> 0 | H18: =Y18*$U$18 -> 0 | I18: =Z18*$U$18 -> 0 | J18: =AA18*$U$18 -> 0 | K18: =AB18*$U$18 -> 0 | L18: =AC18*$U$18 -> 0 | M18: =AD18*$U$18 -> 0 | N18: =AE18*$U$18 -> 0 | ... P18: =AG18*$U$18 -> 0 | Q18: 1 | S18: XL-2XL | T18: 31x6x4 cm, 39x7x4 cm, 42x14x8 cm | U18: 3 | V18: screw-ons | W18: 120 | AH18: =W18*SUM(X18:AG18) -> 0
B19: Beginning-PU-11 | C19: #VALUE! | D19: D-BEG11-PU | E19: 1.4 | F19: =SUM(X19:AG19)*E19 -> 0 | G19: =X19*$U$19 -> 0 | H19: =Y19*$U$19 -> 0 | I19: =Z19*$U$19 -> 0 | J19: =AA19*$U$19 -> 0 | K19: =AB19*$U$19 -> 0 | L19: =AC19*$U$19 -> 0 | M19: =AD19*$U$19 -> 0 | N19: =AE19*$U$19 -> 0 | ... P19: =AG19*$U$19 -> 0 | Q19: 1 | S19: XL | T19: 26x13x4 cm, 27x13x5 cm, 27x14x7 cm | U19: 3 | V19: screw-ons | W19: 120 | AH19: =W19*SUM(X19:AG19) -> 0
B20: Beginning-PU-13 | C20: #VALUE! | D20: D-BEG13-PU | E20: 0.85 | F20: =SUM(X20:AG20)*E20 -> 0 | G20: =X20*$U$20 -> 0 | H20: =Y20*$U$20 -> 0 | I20: =Z20*$U$20 -> 0 | J20: =AA20*$U$20 -> 0 | K20: =AB20*$U$20 -> 0 | L20: =AC20*$U$20 -> 0 | M20: =AD20*$U$20 -> 0 | N20: =AE20*$U$20 -> 0 | ... P20: =AG20*$U$20 -> 0 | Q20: 1 | S20: L-XL | T20: 21x10x2 cm, 24x10x2 cm, 27x10x3 cm, 27x11x2 cm | U20: 4 | V20: screw-ons | W20: 120 | AH20: =W20*SUM(X20:AG20) -> 0
B21: Beginning-PU-14 | C21: #VALUE! | D21: D-BEG14-PU | E21: 1 | F21: =SUM(X21:AG21)*E21 -> 0 | G21: =X21*$U$21 -> 0 | H21: =Y21*$U$21 -> 0 | I21: =Z21*$U$21 -> 0 | J21: =AA21*$U$21 -> 0 | K21: =AB21*$U$21 -> 0 | L21: =AC21*$U$21 -> 0 | M21: =AD21*$U$21 -> 0 | N21: =AE21*$U$21 -> 0 | ... P21: =AG21*$U$21 -> 0 | Q21: 1 | S21: XL | T21: 27x13x3 cm, 32x13x3 cm, 33x11x2 cm | U21: 3 | V21: screw-ons | W21: 120 | AH21: =W21*SUM(X21:AG21) -> 0
B22: Beginning-PU-15 | C22: #VALUE! | D22: D-BEG15-PU | E22: 1.2 | F22: =SUM(X22:AG22)*E22 -> 0 | G22: =X22*$U$22 -> 0 | H22: =Y22*$U$22 -> 0 | I22: =Z22*$U$22 -> 0 | J22: =AA22*$U$22 -> 0 | K22: =AB22*$U$22 -> 0 | L22: =AC22*$U$22 -> 0 | M22: =AD22*$U$22 -> 0 | N22: =AE22*$U$22 -> 0 | ... P22: =AG22*$U$22 -> 0 | Q22: 1 | S22: 2XL | T22: 35x18x2 cm, 38x20x5 cm | U22: 2 | V22: screw-ons | W22: 120 | AH22: =W22*SUM(X22:AG22) -> 0
B23: Beginning-PU-16 | C23: #VALUE! | D23: D-BEG16-PU | E23: 2 | F23: =SUM(X23:AG23)*E23 -> 0 | G23: =X23*$U$23 -> 0 | H23: =Y23*$U$23 -> 0 | I23: =Z23*$U$23 -> 0 | J23: =AA23*$U$23 -> 0 | K23: =AB23*$U$23 -> 0 | L23: =AC23*$U$23 -> 0 | M23: =AD23*$U$23 -> 0 | N23: =AE23*$U$23 -> 0 | ... P23: =AG23*$U$23 -> 0 | Q23: 1 | S23: XL-2XL | T23: 28x11x4 cm, 29x11x3 cm, 32x13x4 cm, 35x13x4 cm, 35x14x3 cm | U23: 5 | V23: screw-ons | W23: 130 | AH23: =W23*SUM(X23:AG23) -> 0
B24: Beginning-PU-17 | C24: #VALUE! | D24: D-BEG17-PU | E24: 3 | F24: =SUM(X24:AG24)*E24 -> 0 | G24: =X24*$U$24 -> 0 | H24: =Y24*$U$24 -> 0 | I24: =Z24*$U$24 -> 0 | J24: =AA24*$U$24 -> 0 | K24: =AB24*$U$24 -> 0 | L24: =AC24*$U$24 -> 0 | M24: =AD24*$U$24 -> 0 | N24: =AE24*$U$24 -> 0 | ... P24: =AG24*$U$24 -> 0 | Q24: 1 | S24: XL-2XL | T24: 33x14x7 cm, 39x15x10 cm, 46x18x11 cm | U24: 3 | V24: screw-ons/ bolt-on | W24: 168 | AH24: =W24*SUM(X24:AG24) -> 0
B25: Beginning-PU-18 | C25: #VALUE! | D25: D-BEG18-PU | E25: 2.35 | F25: =SUM(X25:AG25)*E25 -> 0 | G25: =X25*$U$25 -> 0 | H25: =Y25*$U$25 -> 0 | I25: =Z25*$U$25 -> 0 | J25: =AA25*$U$25 -> 0 | K25: =AB25*$U$25 -> 0 | L25: =AC25*$U$25 -> 0 | M25: =AD25*$U$25 -> 0 | N25: =AE25*$U$25 -> 0 | ... P25: =AG25*$U$25 -> 0 | Q25: 1 | S25: 2XL | T25: 37x20x9 cm, 37x21x8 cm | U25: 2 | V25: screw-ons/ bolt-on | W25: 140 | AH25: =W25*SUM(X25:AG25) -> 0
B26: Beginning-PU-19 | C26: #VALUE! | D26: D-BEG19-PU | E26: 2.3 | F26: =SUM(X26:AG26)*E26 -> 0 | G26: =X26*$U$26 -> 0 | H26: =Y26*$U$26 -> 0 | I26: =Z26*$U$26 -> 0 | J26: =AA26*$U$26 -> 0 | K26: =AB26*$U$26 -> 0 | L26: =AC26*$U$26 -> 0 | M26: =AD26*$U$26 -> 0 | N26: =AE26*$U$26 -> 0 | ... P26: =AG26*$U$26 -> 0 | Q26: 1 | S26: 3XL | T26: 57x23x11 cm | U26: 1 | V26: screw-ons/ bolt-on | W26: 135 | AH26: =W26*SUM(X26:AG26) -> 0
B27: Beginning-PU-20 | C27: #VALUE! | D27: D-BEG20-PU | E27: 1.4 | F27: =SUM(X27:AG27)*E27 -> 0 | G27: =X27*$U$27 -> 0 | H27: =Y27*$U$27 -> 0 | I27: =Z27*$U$27 -> 0 | J27: =AA27*$U$27 -> 0 | K27: =AB27*$U$27 -> 0 | L27: =AC27*$U$27 -> 0 | M27: =AD27*$U$27 -> 0 | N27: =AE27*$U$27 -> 0 | ... P27: =AG27*$U$27 -> 0 | Q27: 1 | S27: 3XL | T27: 51x18x11 cm | U27: 1 | V27: screw-ons/ bolt-on | W27: 120 | AH27: =W27*SUM(X27:AG27) -> 0
B28: Beginning-PU-21 | C28: #VALUE! | D28: D-BEG21-PU | E28: 1.7 | F28: =SUM(X28:AG28)*E28 -> 0 | G28: =X28*$U$28 -> 0 | H28: =Y28*$U$28 -> 0 | I28: =Z28*$U$28 -> 0 | J28: =AA28*$U$28 -> 0 | K28: =AB28*$U$28 -> 0 | L28: =AC28*$U$28 -> 0 | M28: =AD28*$U$28 -> 0 | N28: =AE28*$U$28 -> 0 | ... P28: =AG28*$U$28 -> 0 | Q28: 1 | S28: 3XL | T28: 52x21x11 cm | U28: 1 | V28: screw-ons/ bolt-on | W28: 120 | AH28: =W28*SUM(X28:AG28) -> 0
B29: Beginning-PU-22 | C29: #VALUE! | D29: D-BEG22-PU | E29: 2.7 | F29: =SUM(X29:AG29)*E29 -> 0 | G29: =X29*$U$29 -> 0 | H29: =Y29*$U$29 -> 0 | I29: =Z29*$U$29 -> 0 | J29: =AA29*$U$29 -> 0 | K29: =AB29*$U$29 -> 0 | L29: =AC29*$U$29 -> 0 | M29: =AD29*$U$29 -> 0 | N29: =AE29*$U$29 -> 0 | ... P29: =AG29*$U$29 -> 0 | Q29: 1 | S29: 3XL | T29: 51x26x15 cm | U29: 1 | V29: screw-ons/ bolt-on | W29: 149 | AH29: =W29*SUM(X29:AG29) -> 0
B30: Beginning-PU-23 | C30: #VALUE! | D30: D-BEG23-PU | E30: 1.35 | F30: =SUM(X30:AG30)*E30 -> 0 | G30: =X30*$U$30 -> 0 | H30: =Y30*$U$30 -> 0 | I30: =Z30*$U$30 -> 0 | J30: =AA30*$U$30 -> 0 | K30: =AB30*$U$30 -> 0 | L30: =AC30*$U$30 -> 0 | M30: =AD30*$U$30 -> 0 | N30: =AE30*$U$30 -> 0 | ... P30: =AG30*$U$30 -> 0 | Q30: 1 | S30: 3XL | T30: 51x26x9 cm | U30: 1 | V30: screw-ons/ bolt-on | W30: 120 | AH30: =W30*SUM(X30:AG30) -> 0
B31: Beginning-PU-25 | C31: #VALUE! | D31: D-BEG25-PU | E31: 1.45 | F31: =SUM(X31:AG31)*E31 -> 0 | G31: =X31*$U$31 -> 0 | H31: =Y31*$U$31 -> 0 | I31: =Z31*$U$31 -> 0 | J31: =AA31*$U$31 -> 0 | K31: =AB31*$U$31 -> 0 | L31: =AC31*$U$31 -> 0 | M31: =AD31*$U$31 -> 0 | N31: =AE31*$U$31 -> 0 | ... P31: =AG31*$U$31 -> 0 | Q31: 1 | S31: XL | T31: 24x13x7 cm, 27x15x7 cm | U31: 2 | V31: screw-ons/ bolt-on | W31: 120 | AH31: =W31*SUM(X31:AG31) -> 0
B32: Beginning-PU-26 | C32: #VALUE! | D32: D-BEG26-PU | E32: 1.55 | F32: =SUM(X32:AG32)*E32 -> 0 | G32: =X32*$U$32 -> 0 | H32: =Y32*$U$32 -> 0 | I32: =Z32*$U$32 -> 0 | J32: =AA32*$U$32 -> 0 | K32: =AB32*$U$32 -> 0 | L32: =AC32*$U$32 -> 0 | M32: =AD32*$U$32 -> 0 | N32: =AE32*$U$32 -> 0 | ... P32: =AG32*$U$32 -> 0 | Q32: 1 | S32: 2XL | T32: 35x13x4 cm, 41x17x5 cm | U32: 2 | V32: screw-ons/ bolt-on | W32: 120 | AH32: =W32*SUM(X32:AG32) -> 0
B33: Beginning-PU-27 | C33: #VALUE! | D33: D-BEG27-PU | E33: 1.6 | F33: =SUM(X33:AG33)*E33 -> 0 | G33: =X33*$U$33 -> 0 | H33: =Y33*$U$33 -> 0 | I33: =Z33*$U$33 -> 0 | J33: =AA33*$U$33 -> 0 | K33: =AB33*$U$33 -> 0 | L33: =AC33*$U$33 -> 0 | M33: =AD33*$U$33 -> 0 | N33: =AE33*$U$33 -> 0 | ... P33: =AG33*$U$33 -> 0 | Q33: 1 | S33: 2XL | T33: 35x13x4 cm, 40x16x5 cm | U33: 2 | V33: screw-ons/ bolt-on | W33: 120 | AH33: =W33*SUM(X33:AG33) -> 0
B34: Beginning-PU-28 | C34: #VALUE! | D34: D-BEG28-PU | E34: 1.9 | F34: =SUM(X34:AG34)*E34 -> 0 | G34: =X34*$U$34 -> 0 | H34: =Y34*$U$34 -> 0 | I34: =Z34*$U$34 -> 0 | J34: =AA34*$U$34 -> 0 | K34: =AB34*$U$34 -> 0 | L34: =AC34*$U$34 -> 0 | M34: =AD34*$U$34 -> 0 | N34: =AE34*$U$34 -> 0 | ... P34: =AG34*$U$34 -> 0 | Q34: 1 | S34: XL | T34: 27x13x8 cm, 29x16x8 cm | U34: 2 | V34: screw-ons/ bolt-on | W34: 129 | AH34: =W34*SUM(X34:AG34) -> 0
B35: Beginning-PU-29 | C35: #VALUE! | D35: D-BEG29-PU | E35: 2.6 | F35: =SUM(X35:AG35)*E35 -> 0 | G35: =X35*$U$35 -> 0 | H35: =Y35*$U$35 -> 0 | I35: =Z35*$U$35 -> 0 | J35: =AA35*$U$35 -> 0 | K35: =AB35*$U$35 -> 0 | L35: =AC35*$U$35 -> 0 | M35: =AD35*$U$35 -> 0 | N35: =AE35*$U$35 -> 0 | ... P35: =AG35*$U$35 -> 0 | Q35: 1 | S35: 2XL | T35: 37x20x10 cm, 38x20x11 cm | U35: 2 | V35: screw-ons/ bolt-on | W35: 157 | AH35: =W35*SUM(X35:AG35) -> 0
B36: Beginning-PU-30 | C36: #VALUE! | D36: D-BEG30-PU | E36: 1.2 | F36: =SUM(X36:AG36)*E36 -> 0 | G36: =X36*$U$36 -> 0 | H36: =Y36*$U$36 -> 0 | I36: =Z36*$U$36 -> 0 | J36: =AA36*$U$36 -> 0 | K36: =AB36*$U$36 -> 0 | L36: =AC36*$U$36 -> 0 | M36: =AD36*$U$36 -> 0 | N36: =AE36*$U$36 -> 0 | ... P36: =AG36*$U$36 -> 0 | Q36: 1 | S36: L | T36: 15x7x3 cm, 16x8x3 cm, 2x 16x7x3 cm, 18x8x4 cm, 19x9x4 cm | U36: 6 | V36: screw-ons/ bolt-on | W36: 120 | AH36: =W36*SUM(X36:AG36) -> 0
B37: Beginning-PU-31 | C37: #VALUE! | D37: D-BEG31-PU | E37: 1.25 | F37: =SUM(X37:AG37)*E37 -> 0 | G37: =X37*$U$37 -> 0 | H37: =Y37*$U$37 -> 0 | I37: =Z37*$U$37 -> 0 | J37: =AA37*$U$37 -> 0 | K37: =AB37*$U$37 -> 0 | L37: =AC37*$U$37 -> 0 | M37: =AD37*$U$37 -> 0 | N37: =AE37*$U$37 -> 0 | ... P37: =AG37*$U$37 -> 0 | Q37: 1 | S37: XL | T37: 23x11x5 cm, 26x10x5 cm, 28x14x5 cm | U37: 3 | V37: screw-ons/ bolt-on | W37: 120 | AH37: =W37*SUM(X37:AG37) -> 0
C38: BEGINNING: THE WHOLE RANGE | D38: D-BEG-PU | E38: =SUM(E11:E37) -> 38.8 | F38: =SUM(X38:AG38)*E38 -> 0 | G38: =X38*$U$38 -> 0 | H38: =Y38*$U$38 -> 0 | I38: =Z38*$U$38 -> 0 | J38: =AA38*$U$38 -> 0 | K38: =AB38*$U$38 -> 0 | L38: =AC38*$U$38 -> 0 | M38: =AD38*$U$38 -> 0 | N38: =AE38*$U$38 -> 0 | ... P38: =AG38*$U$38 -> 0 | Q38: =SUM(Q11:Q37) -> 27 | S38: XS-3XL | U38: =SUM(U11:U37) -> 109 | V38: screw-ons/ bolt-on | W38: 3220 | AH38: =W38*SUM(X38:AG38) -> 0

Sheet GRP - PRODUCTION LIST

Sheet WOOD - PRODUCTION LIST

Sheet Uvoz za Vasco

Sheet PACKING LIST WOOD

Sheet PACKING LIST GRP

Sheet PAKIRANJE 
